 Dungeon Crawl Stone Soup version 0.31-a0-7-g51783674b7 (webtiles) character file.

Game seed: 15453385827651891750

11542207 scionoferis the Conqueror (level 27, 273/273 HPs)
             Began as a Ghoul Berserker on May 2, 2023.
             Was a High Priest of Trog.
             Escaped with the Orb
             ... and 15 runes on May 5, 2023!
             The game lasted 11:26:31 (142390 turns).

scionoferis the Conqueror (Ghoul Berserker)       Turns: 142390, Time: 11:26:31

Health: 273/273    AC: 51    Str: 32      XL:     27
Magic:  22/22      EV: 37    Int: 10      God:    Trog [*****.]
Gold:   11083      SH: 34    Dex: 20 (21) Spells: 26/26 levels left

rFire   + + .        a - +13 sceptre of Asmodeus
rCold   + + .        d - +8 tower shield {AC+3}
rNeg    + + +        N - +11 shadow dragon scales
rPois   ∞            P - +2 hat of the Enchanted Forest {Will+}
rElec   +            q - +0 cloak "Symipt" {rC+ Int+3 Dex+3}
rCorr   +            c - +2 pair of gloves of Generosity {Str+6}
SInv    .            J - +2 pair of boots {rampage}
Will    +++..        D - amulet "Vubah" {RegenMP +Inv rF++ Regen+ Int+2}
Stlth   ++++         i - ring of the Hare {EV+10}
HPRegen 1.45/turn    U - ring "Secegguy" {rElec rN+ rCorr Dex+4}
MPRegen 0.58/turn

%: rampage
@: studying 2 skills
A: claws 1, cold resistance 1, negative energy resistance 3, inhibited
regeneration, torment resistance 2, devour on kill
0: Orb of Zot
}: 15/15 runes: serpentine, barnacled, slimy, silver, golden, iron, obsidian,
icy, bone, abyssal, demonic, glowing, magical, fiery, dark
a: Renounce Religion, Evoke Invisibility, Trog's Hand, Brothers in Arms


You escaped.
You worshipped Trog.
Trog was extremely pleased with you.
You visited 17 branches of the dungeon, and saw 85 of its levels.
You visited Pandemonium 5 times, and saw 18 of its levels.
You visited the Abyss 4 times.
You visited 1 ziggurat, and saw 11 of its levels.
You also visited: Trove, Gauntlet, Wizlab and Desolation.

You collected 18850 gold pieces.
You spent 7767 gold pieces at shops.


Innate Abilities, Weirdness & Mutations

You are immune to poison.
You have sharp fingernails.
Your flesh is cold resistant. (rC+)
You are immune to negative energy. (rN+++)
You do not regenerate when monsters are visible.
You are immune to unholy pain and torment.
You thrive by killing the living.


   Skills:
 O Level 27 Fighting
 - Level 13.3(18.0) Axes
 - Level 19.5(21.0) Maces & Flails
 O Level 27 Throwing
 O Level 27 Armour
 + Level 26.9 Dodging
 O Level 27 Stealth
 O Level 27 Shields
 - Level 24.0 Evocations


You had 26 spell levels left.
You didn't know any spells.
Your spell library was empty.

Inventory:

Hand Weapons
 a - the +13 sceptre of Asmodeus (weapon)
   (You took it off Asmodeus on level 7 of Gehenna)

   Fire Summon: It may summon demons of flame and damnation when striking foes.
 b - a +9 antimagic eveningstar
   (Trog gifted it to you on level 2 of the Shoals)
 g - a +9 heavy demon whip
   (You bought it in a shop on level 4 of the Dungeon)
 A - a +5 antimagic broad axe
   (Trog gifted it to you in Pandemonium)
 B - the +0 mace "Goblin's Funeral" {vamp, +Blink rN+}
   (You found it on level 4 of the Shoals)

   rN:        It protects you from negative energy.
   +Blink:    It lets you blink.
Missiles
 l - 9 silver javelins
 x - 12 silver boomerangs (quivered)
 C - 2 curare-tipped darts
 G - 44 javelins
 I - 16 boomerangs
 T - 10 datura-tipped darts
Armour
 c - the +2 pair of gloves of Generosity (worn) {Str+6}
   (You acquired it on level 8 of the Dungeon)

   Str:       It affects your strength (+6).
 d - a +8 tower shield of protection (worn)
   (You found it on level 5 of the Vaults)
 q - the +0 cloak "Symipt" (worn) {rC+ Int+3 Dex+3}
   (You bought it in a shop on level 1 of the Vaults)

   Int:       It affects your intelligence (+3).
   Dex:       It affects your dexterity (+3).
   rC:        It protects you from cold.
 J - a +2 pair of boots of rampaging (worn)
   (You found it on level 4 of the Snake Pit)
 N - +11 shadow dragon scales (worn)
   (You found it on level 2 of the Depths)
 P - the +2 hat of the Enchanted Forest (worn) {Will+}
   (You found it on level 13 of the Dungeon)

   Will:      It increases your willpower.
Jewellery
 i - the ring of the Hare (left hand) {EV+10}
   (You found it on level 5 of the Pits of Slime)

   [ring of evasion]

   EV:        It affects your evasion (+10).
 s - the ring of the Enemy {Fly rF+ Dex+2 Slay+3}
   (You found it on level 7 of Tartarus)

   [ring of protection from fire]

   Dex:       It affects your dexterity (+2).
   Slay:      It affects your accuracy & damage with ranged weapons and melee
   (+3).
   rF:        It protects you from fire.
   Fly:       It grants you flight.
 D - the amulet "Vubah" (around neck) {RegenMP +Inv rF++ Regen+ Int+2}
   (You found it on level 5 of the Pits of Slime)

   [amulet of magic regeneration]

   It increases your rate of magic regeneration.
   Int:       It affects your intelligence (+2).
   rF:        It greatly protects you from fire.
   +Inv:      It lets you turn invisible.
   Regen:     It increases your rate of health regeneration.
 S - the ring "Seck" {rF+ rCorr Dex+6 SInv}
   (You found it on level 11 of a ziggurat)

   [ring of dexterity]

   Dex:       It affects your dexterity (+6).
   rF:        It protects you from fire.
   SInv:      It lets you see invisible.
   rCorr:     It protects you from acid and corrosion.
 U - the ring "Secegguy" (right hand) {rElec rN+ rCorr Dex+4}
   (You found it on level 3 of the Crypt)

   [ring of positive energy]

   Dex:       It affects your dexterity (+4).
   rElec:     It insulates you from electricity.
   rN:        It protects you from negative energy.
   rCorr:     It protects you from acid and corrosion.
 V - the ring "Muntirr" {rF+ Int+6}
   (You took it off a merfolk siren on level 2 of the Shoals)

   [ring of intelligence]

   Int:       It affects your intelligence (+6).
   rF:        It protects you from fire.
 X - the ring "Jiepri Numa" {rC+ Str+2 Slay+3}
   (You found it in the Desolation of Salt)

   [ring of protection from cold]

   Str:       It affects your strength (+2).
   Slay:      It affects your accuracy & damage with ranged weapons and melee
   (+3).
   rC:        It protects you from cold.
Wands
 h - a wand of digging (30)
   (You found it on level 12 of the Dungeon)
 o - a wand of acid (57)
   (You took it off an ironbound convoker in the Desolation of Salt)
 y - a wand of iceblast (98)
   (You found it on level 4 of the Dungeon)
 Q - a wand of paralysis (84)
   (You found it on level 3 of the Lair of Beasts)
Scrolls
 j - 10 scrolls of blinking
 n - 14 scrolls of fear
 t - 6 scrolls of magic mapping
 v - 13 scrolls of immolation
 w - 13 scrolls of fog
 F - 32 scrolls of teleportation
 H - 12 scrolls of vulnerability
 O - 8 scrolls of silence
 W - 7 scrolls of poison
 Z - a scroll of butterflies
Potions
 f - 7 potions of heal wounds
 k - 46 potions of curing
 m - 3 potions of haste
 p - 10 potions of resistance
 r - 3 potions of invisibility
 u - 10 potions of might
 z - 3 potions of ambrosia
 M - 8 potions of flight
 R - 12 potions of cancellation
Miscellaneous
 e - a figurine of a ziggurat
 E - the horn of Geryon
   (You took it off Geryon in the Vestibule of Hell)
 K - a lightning rod (4/4)
   (You found it on level 3 of the Shoals)
 L - a phantom mirror
   (You found it in a Gauntlet)
 Y - a condenser vane
   (You found it on level 3 of the Shoals)

Dungeon Overview and Level Annotations

Branches:
Dungeon (15/15)            Temple (0/1) D:5            Lair (5/5) D:8
 Shoals (4/4) Lair:3        Snake (4/4) Lair:2        Slime (5/5) Lair:5
    Orc (2/2) D:12            Elf (3/3) Orc:2        Vaults (5/5) D:13
  Crypt (3/3) Vaults:3       Tomb (3/3) Crypt:3      Depths (4/4) D:15
   Hell (visited)             Dis (7/7) Hell            Geh (7/7) Hell
    Coc (7/7) Hell            Tar (7/7) Hell            Zot (5/5) Depths:4
 WizLab (visited)         Desolation (visited)      Gauntlet (visited)

Altars:
Ashenzari
Fedhas
Gozag
Hepliaklqana
Kikubaaqudgha
Okawaru
Qazlal
Ru
Sif Muna
Trog
Uskayaw
Vehumet
Wu Jian
Xom
Yredelemnul

Shops:
D:4 (   D:6 ((=:?*   D:8 [   D:10 =   Orc:2 !![(   Elf:1 !   Shoals:2 :
Shoals:3 [   Snake:1 *(*=   Vaults:1 [!?[*   Vaults:2 [   Vaults:4 *
Vaults:5 ?!!!!?   Depths:3 (

Portals:
Hell: Depths:1 Depths:2 Depths:3 Depths:4
Abyss: Depths:3 Depths:4
Pandemonium: Depths:1 Depths:2

Annotations:
Elf:2 3 runed translucent doors

#.# #.#.#.# ###....#.####...#...
#.# #.#.#.# ###...............
#.# #.#.#.# #####.#.####..##..#
#.####.#.#.# #># #......#.......
......[....# #.# #...#..#..#....
..####.#.### #^# #......#..##...
..####.#.# ########.........#####
.........# #......#.#.#.....# #
.#####.#.###....@.#.####)#### #
.# #.#...^......#.## ♣.♣ # .#
#.#####......#..#♣♣.♣♣#### # .#
#.# ##.....#...........# #
.#####.# ##....#.##♣♣.♣♣##.###
##...#.### ##.....#..# ♣.♣ #.....
.'.......###......#..###.###..###
##...##.###...##..#..#...........
#...##.##...###.##..#.###.##.###


There were no monsters in sight!


Message History

The Orb Guardian hits your balrug!!
Your balrug hits the Orb Guardian with a +2 demon whip of freezing.
The Orb Guardian is engulfed in flames!!
Your balrug freezes the Orb Guardian.
You swap places.
An Orb Guardian comes into view.
Your balrug gestures at the Orb Guardian.
The bolt of fire misses the Orb Guardian.
The Orb Guardian completely misses you.
Your balrug gestures at the Orb Guardian.
The Orb Guardian is smitten.
Your balrug hits the Orb Guardian with a +2 demon whip of venom.
The Orb Guardian is engulfed in flames!
You impale the Orb Guardian!!
You kill the Orb Guardian!
Trog accepts your kill.
You swap places.
Your balrug closely misses the Orb Guardian.
The Orb Guardian hits your balrug!!
Your balrug gestures at the Orb Guardian.
The sticky flame hits the Orb Guardian.
The Orb Guardian is covered in liquid flames!
Your balrug hits the Orb Guardian with a +2 demon whip of freezing!
The Orb Guardian is engulfed in flames!!
Your balrug freezes the Orb Guardian!
The Orb Guardian burns!
The Orb Guardian hits your balrug!!!
Your balrug dies!
Your balrug disappears in a puff of smoke!
Your balrug gestures at the Orb Guardian.
The fireball explodes!
The fireball engulfs the Orb Guardian!!
The Orb Guardian dies!
Trog accepts your kill. The fireball engulfs your balrug.
Your balrug completely resists.
Unknown command.
An Orb Guardian comes into view.
You rampage towards the Orb Guardian!
The Orb Guardian completely misses you. You block the Orb Guardian's attack.
You hit the Orb Guardian.
The Orb Guardian is lightly wounded.
The Orb Guardian hits you but does no damage.
You puncture the Orb Guardian!
The Orb Guardian is lightly wounded.
You completely miss the Orb Guardian.
The Orb Guardian is lightly wounded.
You block the Orb Guardian's attack.
Your balrug gestures at the Orb Guardian.
The Orb Guardian is smitten.
You closely miss the Orb Guardian.
The Orb Guardian is moderately wounded.
The Orb Guardian hits you but does no damage.
Your balrug hits the Orb Guardian with a +2 demon whip of venom.
The Orb Guardian is engulfed in flames!!
The Orb Guardian is poisoned.
You impale the Orb Guardian!!
The Orb Guardian is almost dead.
You block the Orb Guardian's attack.
Your balrug hits the Orb Guardian with a +2 demon whip of venom!!
The Orb Guardian dies!
Trog accepts your kill.
An Orb Guardian comes into view.
The Orb Guardian moves out of view.
Found a book of Iron.
You beat the Orb Guardian like a drum!!!
The Orb Guardian is heavily wounded.
You hear a chilling moan.
You hear a shout!
You block the Orb Guardian's attack.
You impale the Orb Guardian!!
The Orb Guardian is severely wounded.
Your balrug hits the Orb Guardian with a +2 demon whip of venom!
The Orb Guardian is engulfed in flames!!
The Orb Guardian dies!
Trog accepts your kill.
A death cob comes into view.
Found a scroll of magic mapping.
A Killer Klown comes into view. It is wielding a +12 vampiric club.
You block the death cob's attack.
You puncture the death cob!
The death cob is lightly damaged.
You block the death cob's attack. x2
You miss the death cob.
The death cob is lightly damaged.
An electric golem comes into view.
You block the death cob's attack.
Your balrug hits the death cob with a +2 demon whip of venom!!
The death cob is engulfed in flames!
The Killer Klown blinks!
You block the death cob's attack.
You miss the death cob.
The death cob is severely damaged.
Your balrug hits the death cob with a +2 demon whip of venom.
The death cob is engulfed in flames!!
The death cob closely misses your balrug.
You catch the helpless death cob completely off-guard!
You impale the death cob!!
You destroy the death cob!
Trog accepts your kill. The Killer Klown pies you viciously!
You block the klown pie.
You swap places.
Your balrug disappears in a puff of smoke!
A Killer Klown comes into view. It is wielding a +10 heavy club.
You rampage towards the electric golem!
A moth of wrath comes into view.
The Killer Klown shouts!
The moth of wrath's fur bristles in rage as it notices you.
You spit the electric golem like a pig!!!
The electric golem is heavily damaged.
You hear a shout!
The electric golem hurls lightning at you.
The bolt of lightning misses you. x2; The Killer Klown blinks! x2
You block the electric golem's attack. x2
The electric golem hits you but does no damage.
The electric golem hits you!
You hear a shout!
You hear a deafening roar! x2; You hear a roar!
You hear a deafening roar!
You puncture the electric golem!
The electric golem is heavily damaged.
An Orb Guardian comes into view.
The electric golem hurls lightning at you.
The bolt of lightning hits you! You resist. The bolt of lightning misses you.
You closely miss the electric golem.
The electric golem is heavily damaged.
The electric golem misses you.
You block the electric golem's attack. x3
A moth of wrath comes into view.
The moth of wrath's fur bristles in rage as it notices you.
You sock the electric golem!
The electric golem is heavily damaged.
The electric golem crackles and sizzles.
You block the electric golem's attack.
The electric golem completely misses you.
You block the electric golem's attack.
The electric golem completely misses you.
An orb of fire comes into view. x2
The Killer Klown blinks!
A dread lich comes into view.
You hit the electric golem but do no damage.
The electric golem is heavily damaged.
You block the electric golem's attack. x3
The electric golem closely misses you.
The Killer Klown blinks!
The Killer Klown howls with blood-lust!
The electric golem completely misses you.
You block the electric golem's attack.
The electric golem hits you but does no damage.
The electric golem completely misses you.
The electric golem attacks as you move away!
You block the electric golem's attack. x2
The electric golem completely misses you.
You block the electric golem's attack.
The Killer Klown blinks!
The electric golem attacks as you move away!
You block the electric golem's attack. x4
The electric golem closely misses you. You block the electric golem's attack.
The electric golem closely misses you. You block the electric golem's attack.
The electric golem attacks as you move away!
You block the electric golem's attack. The electric golem barely misses you.
You block the electric golem's attack.
The electric golem completely misses you.
The Killer Klown blinks!
The moth of wrath goads the Orb Guardian on!
The Orb Guardian goes berserk!
You block the electric golem's attack. The electric golem closely misses you.
The electric golem hits you but does no damage.
The electric golem completely misses you.
Throw: 9 javelins (silver)
Press: ? - help, Q - select action, (/) - cycle Shift-Dir - straight line You throw a silver javelin.
The silver javelin completely misses the electric golem.
The silver javelin misses the orb of fire.
The electric golem blinks!
You hear a loud "Zot"!
Unknown command.
Throw: 8 javelins (silver)
Press: ? - help, Q - select action, (/) - cycle Shift-Dir - straight line, f - dread lich
Aim: a dread lich (79% to hit)
You throw a silver javelin.
The silver javelin pierces through the Killer Klown!!!!
The silver sears the Killer Klown!
The Killer Klown is almost dead.
The silver javelin barely misses the Orb Guardian.
The silver javelin pierces through the moth of wrath!!!
You kill the moth of wrath!
Trog accepts your kill.
You feel better.
The silver javelin misses the orb of fire.
The silver javelin pierces through the dread lich.
The dread lich is lightly damaged.
A storm dragon comes into view.
Unknown command.
Unknown command.
Throw: 7 javelins (silver)
Press: ? - help, Q - select action, (/) - cycle Shift-Dir - straight line, f - storm dragon, p - dread lich
Aim: a storm dragon (wandering, hasn't noticed you, 79% to hit)
You throw a silver javelin.
The silver javelin pierces through the Killer Klown!!
The silver sears the Killer Klown!
You kill the Killer Klown!
Trog accepts your kill.
You feel better.
The silver javelin pierces through the orb of fire!!!
The silver sears the orb of fire!
The orb of fire is severely damaged.
The silver javelin pierces through the dread lich.
The dread lich is lightly damaged.
The silver javelin pierces through the storm dragon!!!
The storm dragon is heavily wounded.
Unknown command.
Unknown command.
Throw: 6 javelins (silver)
Press: ? - help, Q - select action, (/) - cycle Shift-Dir - straight line, f - dread lich
Aim: a dread lich (lightly damaged, 79% to hit)
You throw a silver javelin.
The silver javelin misses the Orb Guardian.
The silver javelin pierces through the moth of wrath!!
The moth of wrath is severely wounded.
The silver javelin pierces through the orb of fire!
The silver sears the orb of fire!
The orb of fire is lightly damaged.
The silver javelin pierces through the dread lich!!!
The dread lich is severely damaged.
You block the Orb Guardian's attack.
Unknown command.
Unknown command.
You puncture the Orb Guardian!
The Orb Guardian is lightly wounded.
The Orb Guardian completely misses you.
The electric golem blinks!
You block the Orb Guardian's attack.
Throw: 5 javelins (silver)
Press: ? - help, Q - select action, (/) - cycle Shift-Dir - straight line, f - storm dragon
Aim: a storm dragon (heavily wounded, 79% to hit)
You throw a silver javelin.
The silver javelin misses the Orb Guardian.
The silver javelin pierces through the moth of wrath!!!
You kill the moth of wrath!
Trog accepts your kill.
The silver javelin pierces through the orb of fire!!!
The silver sears the orb of fire!
The orb of fire is almost destroyed.
The silver javelin pierces through the storm dragon!!!
You kill the storm dragon!
Trog accepts your kill.
The storm dragon scales are intact enough to wear.
You hear a shout!
The Orb Guardian hits you!!
Unknown command.
Unknown command.
Throw: 4 javelins (silver)
Press: ? - help, Q - select action, (/) - cycle Shift-Dir - straight line, f - orb of fire
Aim: an orb of fire (severely damaged, 61% to hit, chaotic)
You throw a silver javelin.
The silver javelin barely misses the Orb Guardian.
The silver javelin pierces through the orb of fire!!
The silver sears the orb of fire!
The orb of fire is almost destroyed.
You block the Orb Guardian's attack. You block the electric golem's attack.
The electric golem misses you.
You block the electric golem's attack. x2
The Killer Klown honks.
The Killer Klown blinks!
Unknown command.
Throw: 3 javelins (silver)
Press: ? - help, Q - select action, (/) - cycle Shift-Dir - straight line, f/p - orb of fire
Aim: an orb of fire (almost destroyed, 61% to hit, chaotic)
You throw a silver javelin.
The silver javelin pierces through the orb of fire!!
The silver sears the orb of fire!
You destroy the orb of fire!
Trog accepts your kill.
The silver javelin pierces through the orb of fire.
The silver sears the orb of fire!
The orb of fire is almost destroyed.
You block the electric golem's attack.
The electric golem completely misses you.
You block the electric golem's attack. The electric golem closely misses you.
Unknown command.
Your skin crawls.
You feel strong-willed. You block the Orb Guardian's attack.
The electric golem barely misses you.
The electric golem completely misses you.
You block the electric golem's attack. x2; The Orb Guardian barely misses you.
The Killer Klown completely misses you. The electric golem misses you.
The electric golem hits you but does no damage.
The electric golem completely misses you.
You block the electric golem's attack.
An ancient lich comes into view.
You sock the Killer Klown!
The Killer Klown is lightly wounded.
You block the Orb Guardian's attack. You block the Killer Klown's attack.
The electric golem blinks!
You hear a loud "Zot"!
The Orb Guardian completely misses you.
Throw: 2 javelins (silver)
Press: ? - help, Q - select action, (/) - cycle Shift-Dir - straight line, p - orb of fire You throw a silver javelin.
The silver javelin pierces through the Orb Guardian!!
The Orb Guardian is moderately wounded.
The silver javelin pierces through the orb of fire!!!!
The silver sears the orb of fire!
You destroy the orb of fire!
Trog accepts your kill.
The silver javelin pierces through the ancient lich!!!
The ancient lich is severely damaged.
The Orb Guardian hits you but does no damage.
The Killer Klown blinks!
You pound the electric golem like an anvil!!!
The electric golem is almost destroyed.
You block the Orb Guardian's attack.
The electric golem crackles and sizzles.
The electric golem blinks!
The Killer Klown blinks!
The Orb Guardian completely misses you.
A golden dragon comes into view.
You hit the Orb Guardian.
The Orb Guardian is moderately wounded.
The electric golem hurls lightning at you.
The bolt of lightning misses you. x2
The Orb Guardian hits you but does no damage.
The Killer Klown pies you viciously! You block the klown pie.
Throw: 12 boomerangs (silver)
Press: ? - help, Q - select action, (/) - cycle Shift-Dir - straight line, f - electric golem
Aim: an electric golem (almost destroyed, 61% to hit)
You throw a silver boomerang.
The silver boomerang hits the electric golem!!!
You destroy the electric golem!
Trog accepts your kill. You block the Orb Guardian's attack.
You hear a loud "Zot"!
The power of Zot is invoked against you!
You feel weakened. You block the Orb Guardian's attack.
Throw: 12 boomerangs (silver)
Press: ? - help, Q - select action, (/) - cycle Shift-Dir - straight line, f - Killer Klown
Aim: a Killer Klown, wielding a +12 vampiric club (lightly wounded, 70% to hit, chaotic)
You throw a silver boomerang.
The silver boomerang hits the Killer Klown!!
The silver sears the Killer Klown!
The Killer Klown is heavily wounded.
You block the Orb Guardian's attack.
A white draconian comes into view. It is wielding a +0 halberd.
Throw: 12 boomerangs (silver)
Press: ? - help, Q - select action, (/) - cycle Shift-Dir - straight line, f/p - Killer Klown
Aim: a Killer Klown, wielding a +12 vampiric club (moderately wounded, 70% to hit, chaotic)
You throw a silver boomerang.
The silver boomerang hits the Killer Klown but does no damage.
The silver sears the Killer Klown!
The Killer Klown is heavily wounded.
You block the Orb Guardian's attack. The Killer Klown pies you viciously!
You block the klown pie.
Throw: 12 boomerangs (silver)
Press: ? - help, Q - select action, (/) - cycle Shift-Dir - straight line, f/p - Killer Klown
Aim: a Killer Klown, wielding a +12 vampiric club (moderately wounded, 70% to hit, chaotic)
You throw a silver boomerang.
The silver boomerang hits the Killer Klown but does no damage.
The silver sears the Killer Klown!
The Killer Klown is heavily wounded.
Throw: 12 boomerangs (silver)
Press: ? - help, Q - select action, (/) - cycle Shift-Dir - straight line, f/p - Killer Klown
Aim: a Killer Klown, wielding a +12 vampiric club (heavily wounded, 70% to hit, chaotic)
You throw a silver boomerang.
The silver boomerang hits the Killer Klown!!!
The silver sears the Killer Klown!
You kill the Killer Klown!
Trog accepts your kill.
You hit the dread lich but do no damage.
The dread lich is heavily damaged.
The dread lich completely misses you.
You bludgeon the dread lich!!
The dread lich is almost destroyed.
The dread lich completely misses you.
You impale the dread lich!!
You destroy the dread lich!
Trog accepts your kill.
Trog appreciates your killing of a magic user.
You block the Orb Guardian's attack.
You feel your strength returning.
You puncture the Orb Guardian!
The Orb Guardian is moderately wounded.
The Orb Guardian hits you!!
You bludgeon the Orb Guardian!!
The Orb Guardian is heavily wounded.
You block the Orb Guardian's attack.
The Orb Guardian hits you but does no damage.
You block the white draconian's attack.
Unknown command.
Okay, then.
You impale the Orb Guardian!!
The Orb Guardian is severely wounded.
You block the Orb Guardian's attack.
You puncture the Orb Guardian!
The Orb Guardian is almost dead.
You block the Orb Guardian's attack. The white draconian barely misses you.
The Orb Guardian completely misses you.
You hit the Orb Guardian but do no damage.
The Orb Guardian is almost dead.
You block the Orb Guardian's attack.
The ancient lich gestures wildly while chanting.
The ancient lich seems to speed up.
The white draconian completely misses you.
You hit the Orb Guardian.
The Orb Guardian is almost dead.
You block the Orb Guardian's attack. The Orb Guardian completely misses you.
Unknown command.
You stick the Orb Guardian like a pincushion!!!
You kill the Orb Guardian!
Trog accepts your kill.
You feel better.
A moth of wrath comes into view.
You block the white draconian's attack.
You hit the golden dragon but do no damage.
You block the golden dragon's attack. x3; The white draconian misses you.
You hit the golden dragon but do no damage.
The sceptre summons one of its terrible servants.
The golden dragon bites you! The golden dragon claws you.
You block the golden dragon's attack. You block the white draconian's attack.
You bludgeon the golden dragon!!
The golden dragon is moderately wounded.
You puncture the golden dragon!
The golden dragon is moderately wounded.
Your balrug gestures at the golden dragon.
The bolt of fire hits the golden dragon!
The golden dragon resists.
The bolt of fire hits the white draconian!
The bolt of fire hits the moth of wrath!!!
The moth of wrath dies!
Trog accepts your kill.
The white draconian completely misses you.
You strike the helpless golden dragon from behind!
You spit the golden dragon like a pig!!!
You kill the golden dragon!
Trog accepts your kill.
You feel better.
The gold dragon scales are intact enough to wear.
The white draconian breathes frost at you.
The blast of cold hits the ancient lich.
The ancient lich resists.
The blast of cold misses you.
You impale the ancient lich!!
The ancient lich is almost destroyed.
You block the ancient lich's attack.
Unknown command.
You impale the ancient lich!!
You destroy the ancient lich!
Trog accepts your kill.
Trog appreciates your killing of a magic user.
You block the white draconian's attack.
You feel your strength returning.
The white draconian completely misses you.
Your balrug barely misses the white draconian.
You swap places.
You feel the effects of Trog's Hand fading.
You block the white draconian's attack.
Things that are here:
a +10 heavy club; a Killer Klown corpse You spit the white draconian like a pig!!!
The white draconian is heavily wounded.
You block the white draconian's attack.
You bludgeon the white draconian!!
The sceptre summons one of its terrible servants.
The white draconian is severely wounded.
You bludgeon the white draconian!!
You kill the white draconian!
Trog accepts your kill.
You feel better.
You start resting.
HP restored.
Your skin stops crawling.
You feel less strong-willed.
Things that are here:
a +10 heavy club; a Killer Klown corpse
Things that are here:
a +0 halberd; a potion of degeneration
Things that are here:
a moth of wrath corpse; a moth of wrath corpse
Things that are here:
+0 storm dragon scales; a storm dragon corpse An Orb Guardian comes into view.
The Orb Guardian moves out of view.
l - 3 silver javelins (gained 2)
l - 9 silver javelins (gained 6)
t - 6 scrolls of magic mapping (gained 1)
A moth of wrath comes into view.
Your balrug gestures at the moth of wrath.
The bolt of fire hits the moth of wrath!!!
Found a chain mail.
You crush the moth of wrath like a grape!!!
You kill the moth of wrath!
Trog accepts your kill.
Your balrug disappears in a puff of smoke!
A tentacled monstrosity comes into view.
An Orb Guardian comes into view.
Your Brimstone Fiend gestures at the tentacled monstrosity.
The sphere of damnation explodes!
The damnation engulfs the tentacled monstrosity!!
The damnation engulfs the Orb Guardian!
You puncture the tentacled monstrosity!
The tentacled monstrosity is moderately wounded.
You block the tentacled monstrosity's attack. x3
The tentacled monstrosity completely misses you.
You bludgeon the tentacled monstrosity!!
The tentacled monstrosity is heavily wounded.
You block the Orb Guardian's attack.
You crush the tentacled monstrosity like a grape!!!
The tentacled monstrosity is severely wounded.
You block the Orb Guardian's attack.
Your Brimstone Fiend calls on the powers of darkness!
You feel a surge of unholy energy.
The Orb Guardian convulses!
The tentacled monstrosity tentacle-slaps you but does no damage.
The tentacled monstrosity completely misses you.
The tentacled monstrosity tentacle-slaps you but does no damage.
The tentacled monstrosity grabs you.
The tentacled monstrosity constricts you.
You puncture the tentacled monstrosity!
The tentacled monstrosity is almost dead.
You block the Orb Guardian's attack.
Your Brimstone Fiend hits the tentacled monstrosity!
The tentacled monstrosity dies!
Trog accepts your kill.
You hit the Orb Guardian but do no damage.
The Orb Guardian is heavily wounded.
The Orb Guardian completely misses you.
You sock the Orb Guardian!
The Orb Guardian is severely wounded.
Your Brimstone Fiend hits the Orb Guardian.
Your Brimstone Fiend closely misses the Orb Guardian.
Your Brimstone Fiend hits the Orb Guardian.
The Orb Guardian hits your Brimstone Fiend but does no damage.
You barely miss the Orb Guardian.
The Orb Guardian is severely wounded.
You block the Orb Guardian's attack.
Your Brimstone Fiend hits the Orb Guardian but does no damage. x2
Your Brimstone Fiend hits the Orb Guardian.
You bludgeon the Orb Guardian!!
You kill the Orb Guardian!
Trog accepts your kill.
Your Brimstone Fiend disappears in a puff of smoke!
The Orb Guardian pulls the alarm!
The alarm trap emits a blaring wail!
A sentinel's mark forms upon you.
You hear a deafening roar!
A storm dragon comes into view.
You impale the Orb Guardian!!
The sceptre summons one of its terrible servants.
The Orb Guardian is moderately wounded.
The Orb Guardian barely misses you.
You hear a loud "Zot"!
You closely miss the Orb Guardian.
The Orb Guardian is moderately wounded.
You block the Orb Guardian's attack.
Unknown command.
You barely miss the Orb Guardian.
The Orb Guardian is moderately wounded.
You block the Orb Guardian's attack.
The storm dragon breathes lightning at you.
The bolt of lightning misses you.
You beat the Orb Guardian like a drum!!!
The Orb Guardian is almost dead.
The Orb Guardian closely misses you.
Your balrug hits the Orb Guardian with a +0 demon whip of electrocution!
The Orb Guardian dies!
Trog accepts your kill.
You feel your strength returning.
You rampage towards the storm dragon!
You impale the storm dragon!!
The storm dragon is moderately wounded.
You block the storm dragon's attack. x2; The storm dragon closely misses you.
You sock the storm dragon!
The sceptre summons one of its terrible servants.
The storm dragon is moderately wounded.
You block the storm dragon's attack. x2
The storm dragon completely misses you.
You sock the storm dragon!
The storm dragon is heavily wounded.
You block the storm dragon's attack. x3
Your balrug hits the storm dragon with a +0 demon whip of electrocution!
The storm dragon is engulfed in flames!!
You catch the helpless storm dragon completely off-guard!
You skewer the storm dragon like a kebab!!!
You kill the storm dragon!
Trog accepts your kill.
The storm dragon scales are intact enough to wear.
Found a falchion.
Your balrug disappears in a puff of smoke!
The sentinel's mark upon you fades away.
Your Brimstone Fiend disappears in a puff of smoke!
Things that are here:
+0 storm dragon scales; a storm dragon corpse
Things that are here:
a moth of wrath corpse; a moth of wrath corpse
Things that are here:
a +0 halberd; a potion of degeneration
Things that are here:
a +10 heavy club; a Killer Klown corpse
Things that are here:
a +12 vampiric club; a Killer Klown corpse You see here the Orb of Zot.
Items here: ))) [.
You see here a +0 short sword.
Things that are here:
a +2 long sword of electrocution; a +1 cloak of poison resistance; a +0 tower shield
Things that are here:
a +0 dire flail of venom; a white draconian skeleton
Things that are here:
a +0 mace of protection; a yellow draconian skeleton
Things that are here:
a +0 cloak; a green draconian skeleton You see here a +10 club of venom.
You see here +0 storm dragon scales.
Things that are here:
a +0 short sword; a +2 cloak You see here a +10 club of flaming.
Done exploring.
Done exploring.
Things that are here:
a +0 short sword; a +2 cloak You see here +0 storm dragon scales.
Things that are here:
a +0 mace; a green draconian skeleton
Items here: ) [[ ÷.
Things that are here:
a +2 long sword of electrocution; a +1 cloak of poison resistance; a +0 tower shield You see here a +0 short sword.
Items here: ))) [.
Save game and exit?
Welcome back, scionoferis the Ghoul Berserker.
Trog says: Kill them all!
Press ? for a list of commands and other information.
Okay, then.
You see here the Orb of Zot.
You pick up the Orb of Zot!
The Orb lets out a hideous shriek!
The lords of Pandemonium are not amused.
Beware!
Now all you have to do is get back out of the dungeon!
Really walk into that permanent teleport trap?
You enter a permanent teleport trap!
Your surroundings suddenly seem different.
Really walk into that permanent teleport trap?
You enter a permanent teleport trap!
Your surroundings suddenly seem different.
There is a fountain of clear blue water here.
(D) Dungeon (T) Temple (L) Lair (A) Shoals (P) Snake Pit (M) Slime Pits (O) Orcish Mines (E) Elven Halls (V) Vaults (C) Crypt (W) Tomb (U) Depths (H) Hell (I) Dis (G) Gehenna (X) Cocytus (Y) Tartarus (Z) Zot
Where to? (? - help)
What level of the Dungeon? (default 15, ? - help)
There is a stone staircase leading up here.
You climb upwards.
There is a stone staircase leading down here.
There is a stone staircase leading up here.
You climb upwards.
There is a stone staircase leading down here.
An Executioner comes into view.
The Executioner gestures.
The Executioner seems to speed up.
You barely miss the Executioner. You block the Executioner's attack.
The Executioner completely misses you. You block the Executioner's attack. x2
The Executioner misses you.
The Executioner hits you but does no damage.
You impale the Executioner!!
The Executioner is moderately wounded.
You block the Executioner's attack. x2; The Executioner misses you.
The Executioner completely misses you. x2; You block the Executioner's attack.
You puncture the Executioner!
The Executioner is heavily wounded.
You block the Executioner's attack. x3; The Executioner closely misses you.
The Executioner hits you but does no damage.
The Executioner completely misses you.
You bludgeon the Executioner!!
The Executioner is almost dead.
You block the Executioner's attack. x4
The Executioner hits you but does no damage.
You block the Executioner's attack.
You completely miss the Executioner.
The Executioner is almost dead.
You block the Executioner's attack. The Executioner hits you.
You block the Executioner's attack. The Executioner completely misses you.
You block the Executioner's attack.
The Executioner hits you but does no damage.
You hit the Executioner but do no damage.
The Executioner is almost dead.
You block the Executioner's attack. The Executioner completely misses you.
You block the Executioner's attack. x2; The Executioner hits you.
The Executioner hits you but does no damage.
You barely miss the Executioner.
The Executioner is almost dead.
You block the Executioner's attack. x2; The Executioner hits you.
You block the Executioner's attack. The Executioner misses you. x2
You impale the Executioner!!
You kill the Executioner!
Trog accepts your kill.
(D) Dungeon (T) Temple (L) Lair (A) Shoals (P) Snake Pit (M) Slime Pits (O) Orcish Mines (E) Elven Halls (V) Vaults (C) Crypt (W) Tomb (U) Depths (H) Hell (I) Dis (G) Gehenna (X) Cocytus (Y) Tartarus (Z) Zot
Where to? (Enter - D:15, ? - help)
What level of the Dungeon? (default 15, ? - help)
You see here a +0 spear.
HP restored.
Things that are here:
a +2 cloak; a +2 heavy great mace
There is a stone staircase leading up here.
You climb upwards.
There is a stone staircase leading down here.
There is an open door here.
An Orb Guardian comes into view.
You barely miss the Orb Guardian. You closely miss the Orb Guardian.
You block the Orb Guardian's attack.
You hit the Orb Guardian.
The Orb Guardian is lightly wounded.
You hit the Orb Guardian but do no damage.
The Orb Guardian is lightly wounded.
The Orb Guardian closely misses you.
You hit the Orb Guardian.
The Orb Guardian is lightly wounded.
You block the Orb Guardian's attack.
You sock the Orb Guardian!
The Orb Guardian is moderately wounded.
You block the Orb Guardian's attack.
You bludgeon the Orb Guardian!!
The Orb Guardian is heavily wounded.
You block the Orb Guardian's attack.
You closely miss the Orb Guardian.
The Orb Guardian is heavily wounded.
You block the Orb Guardian's attack.
You barely miss the Orb Guardian.
The Orb Guardian is heavily wounded.
You block the Orb Guardian's attack.
You crush the Orb Guardian like a grape!!!
The Orb Guardian is almost dead.
You block the Orb Guardian's attack.
You thump the Orb Guardian!
You kill the Orb Guardian!
Trog accepts your kill.
(D) Dungeon (T) Temple (L) Lair (A) Shoals (P) Snake Pit (M) Slime Pits (O) Orcish Mines (E) Elven Halls (V) Vaults (C) Crypt (W) Tomb (U) Depths (H) Hell (I) Dis (G) Gehenna (X) Cocytus (Y) Tartarus (Z) Zot
Where to? (Enter - D:1 @ (x,y), ? - help)
What level of the Dungeon? (default 15, ? - help)
A Laffos, a chaos spawn and a hellion come into view.
Press: ? - help, v - describe, . - travel
Here: Laffos The floor.
Blink to where?
Press: ? - help, Dir - move target
As you read the scroll of blinking, it crumbles to dust.
You hear a chilling moan.
The hellion gestures at you.
The sphere of damnation explodes!
The damnation engulfs you!!
The damnation engulfs something!
You block something's attack.
Deactivating autopickup; reactivate with Ctrl-A.
You climb upwards.
Reactivating autopickup.
There is a stone staircase leading down here.
(D) Dungeon (T) Temple (L) Lair (A) Shoals (P) Snake Pit (M) Slime Pits (O) Orcish Mines (E) Elven Halls (V) Vaults (C) Crypt (W) Tomb (U) Depths (H) Hell (I) Dis (G) Gehenna (X) Cocytus (Y) Tartarus (Z) Zot
Where to? (Enter - D:1 @ (x,y), ? - help)
What level of the Dungeon? (default 15, ? - help)
You block something's attack.
Deactivating autopickup; reactivate with Ctrl-A.
Your skin crawls.
You feel strong-willed. You block something's attack.
You're wearing all the rings you can.
Remove which one? (? for menu, Esc to cancel) < or
i - the ring of the Hare {EV+10} > or
U - the ring "Secegguy" {rElec rN+ rCorr Dex+4} You remove the ring of the Hare {EV+10}.
You feel agile.
Reactivating autopickup.
S - the ring "Seck" (left hand) {rF+ rCorr Dex+6 SInv} A lorocyproca comes into view.
You block the lorocyproca's attack.
You bludgeon the lorocyproca!!
The lorocyproca is moderately wounded.
You barely miss the lorocyproca.
The lorocyproca is moderately wounded.
You block the lorocyproca's attack.
You barely miss the lorocyproca.
The lorocyproca is moderately wounded.
You block the lorocyproca's attack.
You hit the lorocyproca.
The sceptre summons one of its terrible servants.
The lorocyproca is moderately wounded.
You completely miss the lorocyproca.
The lorocyproca is moderately wounded.
The lorocyproca completely misses you.
You barely miss the lorocyproca.
The lorocyproca is moderately wounded.
Your balrug hits the lorocyproca with a +3 demon whip of venom!!
The lorocyproca is engulfed in flames!
The lorocyproca resists.
The lorocyproca hits your balrug.
Your balrug's magic leaks into the air.
You catch the helpless lorocyproca completely off-guard!
You impale the lorocyproca!!
You kill the lorocyproca!
Trog accepts your kill.
You feel the effects of Trog's Hand fading.
There is a gate leading back out of this place, spattered with blood here.
You go up through the gate.
Welcome back to the Depths!
Your summoned ally is left behind.
There is a gate to the Realm of Zot, spattered with blood here.
(D) Dungeon (T) Temple (L) Lair (A) Shoals (P) Snake Pit (M) Slime Pits (O) Orcish Mines (E) Elven Halls (V) Vaults (C) Crypt (W) Tomb (U) Depths (H) Hell (I) Dis (G) Gehenna (X) Cocytus (Y) Tartarus (Z) Zot
Where to? (Enter - D:1 @ (x,y), ? - help)
What level of the Dungeon? (default 15, ? - help)
Things that are here:
a +0 dire flail; a +0 flail Your skin stops crawling.
You feel less strong-willed.
Items here: ) [[[.
There is an open door here.
HP restored.
There is a stone staircase leading up here.
You climb upwards.
There is a stone staircase leading down here.
There is a stone staircase leading up here.
You climb upwards.
An Ice Fiend comes into view.
There is a stone staircase leading down here.
You rampage towards the Ice Fiend!
You block the Ice Fiend's attack. x2
You impale the Ice Fiend!!
The Ice Fiend is moderately wounded.
You impale the Ice Fiend!!
The Ice Fiend is severely wounded.
The Ice Fiend claws you but does no damage.
You block the Ice Fiend's attack.
You barely miss the Ice Fiend.
The Ice Fiend is severely wounded.
You block the Ice Fiend's attack.
The Ice Fiend claws you but does no damage.
You barely miss the Ice Fiend.
The Ice Fiend is heavily wounded.
You impale the Ice Fiend!!
The Ice Fiend is almost dead.
The Ice Fiend gestures at you. The bolt of cold misses you.
You puncture the Ice Fiend!
The Ice Fiend is almost dead.
The Ice Fiend completely misses you. The Ice Fiend claws you!
The Ice Fiend freezes you. You resist.
You sock the Ice Fiend!
The Ice Fiend is almost dead.
You hit the Ice Fiend.
You kill the Ice Fiend!
Trog accepts your kill.
(D) Dungeon (T) Temple (L) Lair (A) Shoals (P) Snake Pit (M) Slime Pits (O) Orcish Mines (E) Elven Halls (V) Vaults (C) Crypt (W) Tomb (U) Depths (H) Hell (I) Dis (G) Gehenna (X) Cocytus (Y) Tartarus (Z) Zot
Where to? (Enter - D:1 @ (x,y), ? - help)
There is an open door here.
HP restored.
There is a stone staircase leading up here.
You climb upwards.
There is a stone staircase leading down here.
An Orb Guardian comes into view.
You beat the Orb Guardian like a drum!!!
The Orb Guardian is heavily wounded.
You miss the Orb Guardian.
The Orb Guardian is heavily wounded.
The Orb Guardian barely misses you.
You impale the Orb Guardian!!
The Orb Guardian is severely wounded.
You block the Orb Guardian's attack.
You stick the Orb Guardian like a pincushion!!!
You kill the Orb Guardian!
Trog accepts your kill.
An Orb Guardian comes into view.
There is a staircase back to the Dungeon here.
You climb upwards.
Welcome back to the Dungeon!
There is a staircase to the Depths here.
(D) Dungeon (T) Temple (L) Lair (A) Shoals (P) Snake Pit (M) Slime Pits (O) Orcish Mines (E) Elven Halls (V) Vaults (C) Crypt (W) Tomb (U) Depths (H) Hell (I) Dis (G) Gehenna (X) Cocytus (Y) Tartarus (Z) Zot
Where to? (Enter - D:1 @ (x,y), ? - help)
What level of the Dungeon? (default 1, ? - help)
There is a stone staircase leading up here.
You climb upwards.
There is a stone staircase leading down here.
There is a stone staircase leading up here.
You climb upwards.
There is a stone staircase leading down here.
A neqoxec comes into view.
The neqoxec gestures at you.
Something tries to feed on your intellect!
There is a stone staircase leading up here.
You impale the neqoxec!!
The neqoxec is almost dead.
You miss the neqoxec.
The neqoxec is almost dead.
The neqoxec gestures at you.
Strange energies course through your body.
Your body decomposes!
You feel clumsy.
You beat the neqoxec like a drum!!!
You kill the neqoxec!
Trog accepts your kill.
You climb upwards.
There is a stone staircase leading down here.
(D) Dungeon (T) Temple (L) Lair (A) Shoals (P) Snake Pit (M) Slime Pits (O) Orcish Mines (E) Elven Halls (V) Vaults (C) Crypt (W) Tomb (U) Depths (H) Hell (I) Dis (G) Gehenna (X) Cocytus (Y) Tartarus (Z) Zot
Where to? (Enter - D:1 @ (x,y), ? - help)
What level of the Dungeon? (default 1, ? - help)
A reaper comes into view. It is wielding a +5 scythe of venom.
You block the reaper's attack.
There is a stone staircase leading up here.
You block the reaper's attack.
You climb upwards.
There is a stone staircase leading down here.
(D) Dungeon (T) Temple (L) Lair (A) Shoals (P) Snake Pit (M) Slime Pits (O) Orcish Mines (E) Elven Halls (V) Vaults (C) Crypt (W) Tomb (U) Depths (H) Hell (I) Dis (G) Gehenna (X) Cocytus (Y) Tartarus (Z) Zot
Where to? (Enter - D:1 @ (x,y), ? - help)
What level of the Dungeon? (default 1, ? - help)
There is a stone staircase leading up here.
You climb upwards.
There is a stone staircase leading down here. 2 large abominations come into view.
A large abomination comes into view.
There is an open door here.
There is an open door here.
There is a stone staircase leading up here.
You climb upwards.
There is a stone staircase leading down here.
(D) Dungeon (T) Temple (L) Lair (A) Shoals (P) Snake Pit (M) Slime Pits (O) Orcish Mines (E) Elven Halls (V) Vaults (C) Crypt (W) Tomb (U) Depths (H) Hell (I) Dis (G) Gehenna (X) Cocytus (Y) Tartarus (Z) Zot
Where to? (Enter - D:1 @ (x,y), ? - help)
What level of the Dungeon? (default 1, ? - help)
There is a stone staircase leading up here.
You climb upwards.
There is a stone staircase leading down here.
There is a stone staircase leading up here.
You climb upwards.
There is a stone staircase leading down here.
There is an open door here.
An efreet comes into view.
It is wielding a +0 scimitar of flaming.
There is a stone staircase leading up here.
You bludgeon the efreet!!
The sceptre summons one of its terrible servants.
The efreet is heavily wounded.
You stick the efreet like a pincushion!!!
You kill the efreet!
Trog accepts your kill.
(D) Dungeon (T) Temple (L) Lair (A) Shoals (P) Snake Pit (M) Slime Pits (O) Orcish Mines (E) Elven Halls (V) Vaults (C) Crypt (W) Tomb (U) Depths (H) Hell (I) Dis (G) Gehenna (X) Cocytus (Y) Tartarus (Z) Zot
Where to? (Enter - D:1 @ (x,y), ? - help)
What level of the Dungeon? (default 1, ? - help)
You climb upwards.
Your summoned ally is left behind.
There is a stone staircase leading down here.
There is a stone staircase leading up here.
You climb upwards.
There is a stone staircase leading down here.
Things that are here:
a +0 giant club; a +0 club
There is a stone staircase leading up here.
You climb upwards.
There is a stone staircase leading down here.
There is a stone staircase leading up here.
You climb upwards.
There is a stone staircase leading down here.
You see here a +0 dagger.
There is a stone staircase leading up here.
You climb upwards.
There is a stone staircase leading down here.
There is a stone staircase leading down here.
There is a stone staircase leading up here.
You climb upwards.
There is a stone staircase leading down here.
You see here a +0 dagger.
Things that are here:
9 stones; a +2 dagger of protection You see here a +0 robe.
There is a staircase leading out of the dungeon here.
Unknown command.
You're wearing all the rings you can.
Remove which one? (? for menu, Esc to cancel) < or
S - the ring "Seck" {rF+ rCorr Dex+6 SInv} > or
U - the ring "Secegguy" {rElec rN+ rCorr Dex+4} You remove the ring "Seck" {rF+ rCorr Dex+6 SInv}.
You feel clumsy.
i - the ring of the Hare (left hand) {EV+10} Unknown command.
You have escaped!

Skill      XL: |  1  2  3  4  5  6  7  8  9 10 11 12 13 14 15 16 17 18 19 20 21 22 23 24 25 26 27 |
---------------+----------------------------------------------------------------------------------+-----
Maces & Flails | 3 4 5 7 8 9 11 12 13 14 15 16 19 | 19.5
Fighting       | 4 6 7 8 9 10 11 12 13 15 16 17 18 19 20 21 22 23 27 | 27.0
Armour         | 2 4 5 6 8 9 10 12 14 15 16 17 18 19 20 21 27 | 27.0
Dodging        | 2 4 5 6 8 9 10 11 12 13 14 15 16 17 26 | 26.9
Throwing       | 3 5 7 9 10 11 12 13 14 15 16 27 | 27.0
Evocations     | 3 5 6 8 9 10 11 12 13 14 24 | 24.0
Shields        | 4 7 9 10 12 13 15 16 17 27 | 27.0
Stealth        | 1 6 8 27 | 27.0
Axes           | 13 | 13.3

Action                     |  1- 3 |  4- 6 |  7- 9 | 10-12 | 13-15 | 16-18 | 19-21 | 22-24 | 25-27 || total
---------------------------+-------+-------+-------+-------+-------+-------+-------+-------+-------++-------
  Melee: Mace              |   123 |    56 |       |       |       |       |       |       |       ||   179
         Flail             |       |   147 |     2 |       |       |       |       |       |       ||   149
         Punch             |       |     4 |     6 |    10 |    23 |    23 |    24 |       |       ||    90
         Whip              |       |       |   168 |       |       |       |       |       |       ||   168
         Demon whip        |       |       |   165 |   725 |  1112 |  1504 |  1530 |  1155 | 11681 || 17872
         Trident           |       |       |       |    17 |       |       |       |       |       ||    17
         Eveningstar       |       |       |       |       |       |       |       |       |   657 ||   657
   Fire: Shortbow          |       |       |       |    16 |       |       |       |       |       ||    16
  Throw: Dart              |       |     4 |     7 |    21 |    14 |       |       |       |     2 ||    48
         Javelin           |       |       |       |     1 |     7 |     4 |       |       |   171 ||   183
         Boomerang         |       |       |       |     1 |     4 |    12 |       |     3 |   672 ||   692
         Throwing net      |       |       |       |       |       |       |     2 |     1 |    11 ||    14
 Invoke: Trog's Hand       |       |     1 |     6 |     7 |     9 |    12 |    21 |     4 |    55 ||   115
         Brothers in Arms  |       |       |       |     2 |     2 |     6 |     2 |     2 |     5 ||    19
Ability: Evoke Invisibilit |       |       |       |       |       |       |       |       |     1 ||     1
  Evoke: Wand              |       |       |       |     6 |     3 |     3 |     1 |       |    21 ||    34
         Condenser vane    |       |       |       |       |       |     1 |       |     1 |     4 ||     6
         Lightning rod     |       |       |       |       |       |       |     4 |     1 |       ||     5
         Phantom mirror    |       |       |       |       |       |       |       |       |     8 ||     8
         Horn of Geryon    |       |       |       |       |       |       |       |       |     4 ||     4
    Use: Scroll            |       |     5 |    10 |    11 |    12 |     9 |     4 |    15 |    65 ||   131
         Potion            |       |       |       |       |       |     1 |       |     1 |    41 ||    43
   Stab: Petrified         |       |       |       |       |     6 |     2 |       |       |       ||     8
         Paralysed         |       |       |       |       |     3 |     8 |       |       |     8 ||    19
         Held in net/web   |       |       |       |       |       |       |       |     1 |     9 ||    10
         Sleeping          |       |       |       |       |       |       |       |       |    90 ||    90
         Distracted        |       |       |       |       |       |       |       |       |   115 ||   115
         Invisible         |       |       |       |       |       |       |       |       |    20 ||    20
 Armour: Animal skin       |     6 |       |       |       |       |       |       |       |       ||     6
         Leather armour    |    22 |       |       |       |       |       |       |       |       ||    22
         Scale mail        |     5 |   104 |   115 |   135 |       |       |       |       |       ||   359
         Plate armour      |       |       |       |     4 |       |       |       |       |       ||     4
         Chain mail        |       |       |       |    50 |   319 |   717 |   597 |   510 |  2105 ||  4298
         Shadow dragon sca |       |       |       |       |       |       |       |     5 |  1440 ||  1445
  Dodge: Dodged            |    62 |   111 |    97 |   242 |   522 |  1074 |   874 |   631 |  9878 || 13491
  Block: Kite shield       |       |       |       |       |       |       |   342 |   772 |  9678 || 10792
         Tower shield      |       |       |       |       |       |       |       |       |  2132 ||  2132

Levels and vault maps discovered:
D:1:      elethiomel_arrival_shortcut, layout_basic,
          chequers_serial_rivers_room_b, minmay_tree_intersection
D:2:      minmay_general_purpose_star, layout_loops_ring,
          ebering_ecumenical_altar_box, serial_forest,
          infiniplex_forest_lined_2, infiniplex_forest_clump_C,
          infiniplex_forest_clump_double, infiniplex_forest_lined_2,
          infiniplex_forest_lined_room_2, infiniplex_forest_clump_C,
          infiniplex_forest_straight_3, infiniplex_forest_end_2,
          infiniplex_forest_lined_1, uniq_terence, uniq_natasha, uniq_sigmund
D:3:      layout_loops_ring, bloody_trog, amcnicky_altar_gilded,
          nrook_mini_backslash
D:4:      layout_basic, mainiacjoe_overflow_alcove_2,
          fedhas_altar_decomposition, kennysheep_little_box, serial_shops, shop,
          kennysheep_generic_room_13, uniq_pikel
D:5:      layout_basic, nicolae_qazlal_general_emergency,
          minmay_temple_entry_metal_lava, uniq_menkaure
D:6:      layout_basic, mainiacjoe_overflow_concentric_impassable, serial_shops,
          nicolae_shop_bloodbath_and_beyond, nicolae_shop_tiny_waterfront,
          nicolae_shop_tiny_real_fake_doors, nicolae_shop_waterfront,
          nicolae_shop_window_shopping, nicolae_shop_i_like_big_books
D:7:      layout_gridville
D:8:      layout_layer_cave, nicolae_overflow_crystal_walls,
          fiery_altar_vehumet, mainiacjoe_overflow_boulevard,
          nicolae_hepliaklqana_monster_ancestors, zin_scriptorium,
          david_lair_generic, serial_shops, shop
D:9:      layout_irregular_city
D:10:     layout_loops_corners, okawaru_trees_1,
          mainiacjoe_overflow_surrounded_room, mainiacjoe_overflow_catwalk,
          serial_shops, shop, uniq_urug
D:11:     layout_rooms, nrook_guardian_serpent_ordinary
D:12:     layout_gridville, david_orc_5, nicolae_trove_entry_crossroad,
          hangedman_abyss_or_decor_slice, kennysheep_path_1
D:13:     layout_roguey, grunt_vaults_entry_tiered, gauntlet_entry_generic,
          minmay_increasing_density, uniq_frances
D:14:     layout_rooms, kennysheep_cross_bottleneck, uniq_rupert, uniq_snorg,
          uniq_agnes
D:15:     grunt_enter_depths_giant_problem, layout_irregular_city,
          lemuel_tele_altar, serial_undead, serial_undead_a, serial_undead_c,
          serial_undead_c, serial_undead_e
Lair:1:   gammafunk_cloud_chamber, layout_long_grid,
          ebering_ghost_reflecting_pool, disabler_island, serial_bayou_shore_a
Lair:2:   layout_regular_city, guppyfry_snake_entry_island, serial_bayou,
          serial_bayou_lagoon_b, serial_bayou_pond_a, serial_bayou_pond_b,
          serial_bayou_shore_b, serial_bayou_lake_a, serial_bayou_shore_b
Lair:3:   layout_cave_pods, nicolae_shoals_entry_flooding, grunt_megastairs_5
Lair:4:   layout_roguey, grunt_megastairs_4
Lair:5:   evilmike_catoblepas_cave, layout_regular_city,
          minmay_slime_entry_pillars
Shoals:1: layout_shoals, hangedman_shoal_volcano
Shoals:2: layout_shoals, gammafunk_ghost_grave, nicolae_shop_vocational
Shoals:3: layout_shoals, ebering_ghost_davey_jones, serial_shops, shop
Shoals:4: shoals_end_grunt_ice, layout_shoals, uniq_polyphemus, uniq_kirke
Snake:1:  layout_concentric_octagons, serial_shops, shop, shop_statue, shop,
          nicolae_shop_tiny_statue_garden, lemuel_fruit_tree
Snake:2:  layout_chambers, nicolae_snake_salamander_jacuzzi
Snake:3:  layout_layer_cave, nicolae_coiled_stairwell_down
Snake:4:  minmay_snake_end_coiled, layout_onion
Slime:1:  layout_caves
Slime:2:  layout_caves
Slime:3:  layout_caves
Slime:4:  layout_caves
Slime:5
Orc:1:    layout_caves
Orc:2:    st_orc_ogre_mass, layout_caves, uniq_nessos
Elf:1:    layout_loops_cross, basic_altar, serial_shops, shop,
          minmay_elf_annihilation
Elf:2:    nicolae_elf_blades_splatter_lattice
          [nicolae_vaults_blade_armed_guards], layout_geoelf_diagonals,
          portal_desolation_entry_nicolae_nacl
Elf:3:    minmay_elf_hall_hex, layout_loops_cross
Vaults:1: nicolae_vaults_closet_pinwheel_4, nicolae_vaults_lightning_bolt,
          nicolae_vaults_cochlea, nicolae_vaults_tangram_1,
          nicolae_vaults_display_case, vaults_mumra_chevron,
          hangedman_vaults_hat, v_misc_12, nicolae_vaults_trapezoid_1,
          vaults_room_large_hall, vaults_room_fancy_cross,
          nicolae_vaults_shelves_hall, layout_vaults_omnicross, serial_shops,
          nicolae_square_shop, shop, shop, nicolae_shop_pleasant_corner_grove,
          shop, uniq_saint_roka
Vaults:2: nicolae_vaults_double_plus_1, grunt_vaults_hallway_long, v_rooms_6,
          vaults_standard_mumra_enter_the_diamond, vaults_mumra_hexcomb,
          layout_vaults_omnigrid, serial_shops, shop
Vaults:3: nicolae_vaults_arrows, minmay_crypt_entry_necro_gods,
          nicolae_vaults_closet_pinwheel_6, v_pattern_3,
          hangedman_vaults_stretched_pinwheel, hangedman_vaults_maws,
          nicolae_vaults_fighting_squares, ontoclasm_vaults_shuriken,
          nicolae_vaults_wrenched, nicolae_vaults_tetromino_Z_1,
          nicolae_vaults_wine_cellar, nicolae_vaults_specimen_jars,
          vaults_dpeg_cross, layout_vaults_omnibox
Vaults:4: st_octagons_1, hangedman_vaults_maws, v_misc_12,
          nicolae_vaults_variable_pillar_hall, grunt_vaults_twisty,
          nicolae_vaults_little_squares_3, vaults_mumra_lcd,
          nicolae_vaults_double_plus_2, nicolae_vaults_windows_and_doors_thing,
          v_misc_10, vaults_room_fours, nicolae_vaults_double_plus_1,
          layout_vaults_maze_bifur, serial_shops,
          nicolae_shop_tiny_statue_garden, uniq_margery, uniq_sojobo
Vaults:5
Crypt:1:  layout_rooms
Crypt:2:  layout_chaotic_city
Crypt:3:  lightli_unholy_cathedral, layout_chaotic_city,
          nicolae_tomb_entry_unfolded_pyramid_diagonal,
          serial_sigils_hangedman_carve, serial_sigils_hangedman_shear,
          st_chilly_death, uniq_vv, uniq_mennas
Tomb:1
Tomb:2
Tomb:3
Depths:1: layout_small_grid, minmay_misc_feat_iff, hell_entry,
          grunt_pan_entry_in_and_out, kennysheep_generic_room_6,
          nicolae_triple_integral
Depths:2: kennysheep_six_static_rooms, layout_gridville, grunt_pan_entry_spiral,
          pf_hell_entry_tar_river, infiniplex_enter_wizlab_glasses,
          nicolae_ashenzari_panopticon
Depths:3: minmay_distorted_concentric_squares, layout_cave_pools, abyss_entry,
          serial_shops, shop, grunt_hell_entry_dis_grunt,
          nicolae_ru_awakened_eye, serial_bayou_shore_b,
          minmay_staircase_statues, serial_bayou_shore_b
Depths:4: evilmike_zot_entry_diamond, layout_gridlike, enter_ziggurat_b,
          abyss_entry, lemuel_coloured_pillars_altar, hell_entry, tgw_sif
Hell
Dis:1:    layout_gridville, nicolae_dis_scattering
Dis:2:    layout_overlapping_boxes, nicolae_dis_having_a_grate_time
Dis:3:    layout_gridville
Dis:4:    layout_regular_city
Dis:5:    layout_gridville
Dis:6:    layout_gridville
Dis:7:    dis_st
Geh:1:    layout_gehenna_lava_caves
Geh:2:    layout_gehenna_lava_caves, nicolae_hells_hurtin_island
Geh:3:    layout_gehenna_lava_caves
Geh:4:    layout_gehenna_pools_triple
Geh:5:    layout_gehenna_lava_caves
Geh:6:    layout_gehenna_lava_caves
Geh:7:    geh_grunt_pentagon
Coc:1:    layout_ice_bergs
Coc:2:    layout_cocytus_delve
Coc:3:    layout_cocytus_delve, serial_ice, serial_ice_c, serial_ice_h,
          nicolae_coc_statues_of_limitations
Coc:4:    nicolae_coc_hellspring, layout_ice_bergs
Coc:5:    layout_ice_bergs
Coc:6:    layout_ice_bergs
Coc:7:    coc_old
Tar:1:    layout_catacombs
Tar:2:    layout_honeycomb
Tar:3:    layout_grid_maze, nicolae_tar_grid_combs
Tar:6:    layout_honeycomb
Tar:7:    tar_minmay_river
Zot:1:    layout_onion
Zot:2:    layout_gridlike
Zot:3:    layout_misc_corridors, grunt_megastairs_2, uniq_parghit
Zot:4:    layout_misc_corridors, hellmonk_ghost_happy_afterlife,
          nicolae_diode_stairs
Zot:5:    layout_misc_corridors, hangedman_zot_decor_tridents

Notes
Turn   | Place    | Note
-------+----------+-------------------------------------------
     0 | D:1      | scionoferis the Ghoul Berserker began the quest for the
                  | Orb.
     0 | D:1      | Reached XP level 1. HP: 19/19 MP: 0/0
   167 | D:1      | Reached skill level 3 in Maces & Flails
   167 | D:1      | Reached XP level 2. HP: 26/26 MP: 1/1
   486 | D:1      | Reached ** piety under Trog
   630 | D:1      | Reached XP level 3. HP: 33/33 MP: 2/2
  1230 | D:2      | Reached skill level 4 in Fighting
  1422 | D:2      | Reached XP level 4. HP: 40/40 MP: 3/3
  1432 | D:2      | Noticed Terence
  1462 | D:2      | Killed Terence
  1463 | D:2      | Reached skill level 4 in Maces & Flails
  1583 | D:2      | Found a faded altar of an unknown god.
  1600 | D:2      | Noticed Sigmund
  1753 | D:3      | Found an ornate altar of the Wu Jian Council.
  1873 | D:3      | Found a bloodstained altar of Trog.
  2111 | D:3      | Reached XP level 5. HP: 47/47 MP: 4/4
  2356 | D:4      | Noticed an ogre
  2362 | D:3      | Reached *** piety under Trog
  2385 | D:4      | Reached skill level 5 in Maces & Flails
  2673 | D:4      | Reached XP level 6. HP: 55/55 MP: 5/5
  2759 | D:4      | Reached skill level 5 in Fighting
  3150 | D:4      | Found an opulent altar of Gozag.
  3220 | D:4      | Found Cofysh's Weapon Emporium.
  3286 | D:4      | Noticed Pikel
  3327 | D:4      | Killed Pikel
  3328 | D:4      | Reached skill level 6 in Fighting
  3328 | D:4      | Reached skill level 7 in Maces & Flails
  3328 | D:4      | Reached XP level 7. HP: 48/63 MP: 6/6
  3425 | D:4      | Found a blossoming altar of Fedhas.
  3451 | D:4      | Reached XP level 8. HP: 71/71 MP: 7/7
  3871 | D:4      | Reached skill level 7 in Fighting
  3963 | D:5      | Entered Level 5 of the Dungeon
  3987 | D:4      | Reached skill level 8 in Maces & Flails
  4090 | D:5      | Reached skill level 2 in Armour
  4090 | D:5      | Reached skill level 2 in Dodging
  4422 | D:5      | Found a stormy altar of Qazlal.
  4752 | D:4      | Bought a +1 demon whip of venom for 300 gold pieces
  4919 | D:5      | Reached XP level 9. HP: 79/79 MP: 8/8
  4960 | D:5      | Noticed Menkaure
  4985 | D:5      | Killed Menkaure
  5196 | D:5      | Found a staircase to the Ecumenical Temple.
  5231 | D:5      | Reached skill level 3 in Dodging
  5238 | D:5      | Reached **** piety under Trog
  5247 | D:5      | Reached skill level 3 in Armour
  5431 | D:6      | Found a shimmering altar of Xom.
  5472 | D:6      | Reached skill level 9 in Maces & Flails
  5479 | D:6      | Found Wiluc's Weapon Shop.
  5518 | D:6      | Found Xiankoip's Weapon Emporium.
  5563 | D:6      | Found Nacuol's Jewellery Shop.
  5627 | D:6      | Reached skill level 8 in Fighting
  5628 | D:6      | Found Acyukiukk's Tremendous Tomes.
  5723 | D:6      | Found Bory's Assorted Antiques.
  5761 | D:6      | Found Voghegaj's Magic Scroll Shoppe.
  6502 | D:7      | Noticed a cyclops
  6520 | D:7      | Killed a cyclops
  6521 | D:7      | Reached skill level 4 in Armour
  6521 | D:7      | Reached skill level 4 in Dodging
  6521 | D:7      | Reached XP level 10. HP: 37/90 MP: 9/9
  7089 | D:2      | Noticed Natasha
  7097 | D:2      | Killed Natasha
  7223 | D:2      | Killed Sigmund
  7224 | D:2      | Reached skill level 10 in Maces & Flails
  7346 | D:2      | Noticed Natasha
  7352 | D:2      | Killed Natasha
  7479 | D:2      | Noticed Natasha
  7486 | D:2      | Killed Natasha
  7781 | D:8      | Found a radiant altar of Vehumet.
  7864 | D:8      | Found a staircase to the Lair.
  8007 | D:8      | Reached skill level 9 in Fighting
  8031 | D:8      | Reached skill level 5 in Armour
  8031 | D:8      | Reached skill level 5 in Dodging
  8033 | D:8      | Noticed a two-headed ogre
  8044 | D:8      | Killed a two-headed ogre
  8091 | D:8      | Found a hide-covered altar of Uskayaw.
  8423 | D:8      | Reached ***** piety under Trog
  8456 | D:8      | Reached skill level 11 in Maces & Flails
  8460 | D:8      | Reached XP level 11. HP: 81/97 MP: 10/10
  8513 | D:8      | Found Codwurel's Armour Shoppe.
  8800 | D:8      | Found a hazy altar of Hepliaklqana.
  9087 | D:9      | Identified the +5 trident "Worm's Wrath" {freeze, rPois
                  | rF++ Str-4 SInv}
  9225 | D:9      | Identified a scroll of acquirement
  9243 | D:9      | Noticed a two-headed ogre
  9263 | D:9      | Killed a two-headed ogre
  9896 | D:10     | Entered Level 10 of the Dungeon
  9974 | D:10     | Found an iron altar of Okawaru.
 10183 | D:10     | Found a basalt altar of Yredelemnul.
 10510 | D:10     | Noticed Urug
 10518 | D:10     | Killed Urug
 10519 | D:10     | Reached skill level 10 in Fighting
 10519 | D:10     | Reached skill level 6 in Armour
 10519 | D:10     | Reached skill level 6 in Dodging
 10576 | D:10     | Found Quroxat's Jewellery Shop.
 10587 | D:10     | Found a broken altar of Ashenzari.
 10981 | D:11     | Identified a scarf of resistance
 10981 | D:11     | Noticed a purple ugly thing
 11010 | D:11     | Killed a purple ugly thing
 12040 | D:12     | Noticed a manticore
 12040 | D:12     | Noticed a cyclops
 12052 | D:12     | Killed a cyclops
 12053 | D:12     | Reached skill level 12 in Maces & Flails
 12062 | D:12     | Killed a manticore
 12178 | D:12     | Found a portal to a secret trove of treasure.
 12185 | D:12     | Noticed a boulder beetle
 12196 | D:12     | Killed a boulder beetle
 12343 | D:12     | Reached XP level 12. HP: 85/108 MP: 11/11
 12916 | D:12     | Reached skill level 7 in Armour
 12916 | D:12     | Reached skill level 7 in Dodging
 12933 | D:12     | Found a staircase to the Orcish Mines.
 13262 | D:12     | Reached skill level 1 in Throwing
 13432 | D:12     | Reached skill level 11 in Fighting
 13688 | D:8      | Bought a +2 pair of gloves of dexterity for 344 gold pieces
 13748 | Lair:1   | Entered Level 1 of the Lair of Beasts
 14374 | Lair:1   | Found a runed translucent door.
 14412 | Lair:1   | Found a transporter.
 14427 | Lair:1   | Reached skill level 2 in Throwing
 14534 | Lair:1   | Received a gift from Trog
 14665 | Lair:1   | Found a transporter.
 14929 | Lair:1   | Noticed voltaire321's ghost (journeyman KoEn)
 14961 | Lair:1   | Killed voltaire321's ghost
 15088 | D:6      | Bought a scroll of identify for 28 gold pieces
 15088 | D:6      | Bought a scroll of identify for 28 gold pieces
 15088 | D:6      | Bought a scroll of identify for 28 gold pieces
 15533 | Lair:2   | Noticed a seven-headed hydra
 15538 | Lair:2   | Killed a seven-headed hydra
 15539 | Lair:2   | Reached skill level 3 in Throwing
 15850 | Lair:2   | Noticed a six-headed hydra
 15861 | Lair:2   | Killed a six-headed hydra
 16023 | Lair:2   | Noticed a catoblepas
 16044 | Lair:2   | Killed a catoblepas
 16045 | Lair:2   | Reached skill level 8 in Armour
 16045 | Lair:2   | Reached skill level 8 in Dodging
 16082 | Lair:2   | Reached skill level 13 in Maces & Flails
 16189 | Lair:2   | Found a staircase to the Snake Pit.
 16216 | Lair:2   | Reached XP level 13. HP: 117/117 MP: 12/12
 16881 | Lair:3   | Reached skill level 4 in Throwing
 16965 | Lair:3   | Reached skill level 12 in Fighting
 17837 | Lair:4   | Reached skill level 1 in Evocations
 18348 | Lair:5   | Entered Level 5 of the Lair of Beasts
 18426 | Lair:5   | Identified the +3 leather armour of Joy {Dex+4 Stlth-}
 18487 | Lair:5   | Reached skill level 2 in Evocations
 18552 | Lair:5   | Reached skill level 5 in Throwing
 18825 | Lair:5   | Reached skill level 9 in Armour
 18915 | Lair:5   | Reached skill level 9 in Dodging
 18922 | Lair:5   | Reached skill level 3 in Evocations
 19101 | Lair:5   | Reached XP level 14. HP: 127/127 MP: 13/13
 19130 | Lair:5   | Found a staircase to the Slime Pits.
 19784 | Lair:5   | Reached skill level 6 in Throwing
 19790 | Lair:5   | Reached skill level 13 in Fighting
 20001 | Lair:5   | Reached skill level 4 in Evocations
 20778 | Orc:1    | Entered Level 1 of the Orcish Mines
 20900 | Orc:2    | Entered Level 2 of the Orcish Mines
 20904 | Orc:2    | Noticed Nessos
 20944 | Orc:1    | Killed Nessos
 21099 | Orc:1    | Received a gift from Trog
 21494 | Orc:2    | Reached skill level 14 in Maces & Flails
 21950 | Orc:2    | Reached skill level 5 in Evocations
 22292 | Orc:2    | Reached skill level 10 in Armour
 22313 | Orc:2    | Reached skill level 7 in Throwing
 22313 | Orc:2    | Reached skill level 10 in Dodging
 22324 | Orc:2    | Reached XP level 15. HP: 137/137 MP: 14/14
 22420 | Orc:2    | Reached skill level 6 in Evocations
 22425 | Orc:2    | Found Soh Dod's Distillery.
 22425 | Orc:2    | Found Ruvuxief's Distillery.
 22426 | Orc:2    | Found Eloco's Antique Weapon Emporium.
 22426 | Orc:2    | Found Uppus's Antique Armour Boutique.
 22441 | Orc:2    | Reached skill level 14 in Fighting
 22444 | Orc:2    | Bought a potion of cancellation for 120 gold pieces
 22448 | Orc:2    | Bought a runed helmet for 217 gold pieces
 22448 | Orc:2    | Bought a transparent chain mail for 275 gold pieces
 22448 | Orc:2    | Identified the +12 chain mail of Levity {+Inv Str+2} (You
                  | bought it in a shop on level 2 of the Orcish Mines)
 22634 | Orc:2    | Found a staircase to the Elven Halls.
 23024 | D:8      | Acquired a manual of Dodging
 23026 | D:8      | Acquired a manual of Armour
 23028 | D:8      | Acquired the +2 pair of gloves of Generosity {Str+6}
 23094 | Snake:1  | Entered Level 1 of the Snake Pit
 23094 | Snake:1  | Found Duobufoy's Weapon Emporium.
 23222 | Snake:1  | Found Zecolupy's Jewellery Shop.
 23240 | Snake:1  | Reached skill level 8 in Throwing
 23354 | Snake:1  | Reached skill level 11 in Armour
 23476 | Snake:1  | Received a gift from Trog
 23590 | Snake:1  | Found Wiubushre's General Store.
 23724 | Snake:1  | Bought a scroll of identify for 28 gold pieces
 23800 | Snake:1  | Noticed a nagaraja
 23825 | Snake:1  | Killed a nagaraja
 23838 | Snake:1  | Found Myshim's Assorted Antiques.
 24410 | Snake:2  | Reached skill level 12 in Armour
 24746 | Snake:2  | Reached skill level 9 in Throwing
 24750 | Snake:2  | Reached skill level 15 in Fighting
 25362 | Snake:3  | Reached XP level 16. HP: 120/149 MP: 15/15
 25448 | Snake:3  | Noticed a nagaraja
 25470 | Snake:3  | Killed a nagaraja
 26190 | Snake:3  | Reached skill level 13 in Armour
 26520 | Snake:3  | Identified the +2 great mace of Joyful Slaughter {heavy,
                  | rC+} (Trog gifted it to you on level 3 of the Snake Pit)
 26520 | Snake:3  | Received a gift from Trog
 26999 | Snake:4  | Entered Level 4 of the Snake Pit
 27029 | Snake:4  | Reached skill level 7 in Evocations
 27670 | Snake:4  | Reached skill level 10 in Throwing
 28676 | Snake:4  | Noticed a nagaraja
 28696 | Snake:4  | Killed a nagaraja
 28724 | Snake:4  | Reached skill level 16 in Fighting
 28775 | Snake:4  | Reached skill level 14 in Armour
 29302 | Snake:4  | Reached skill level 8 in Evocations
 29475 | Snake:4  | Noticed a nagaraja
 29499 | Snake:4  | Killed a nagaraja
 29550 | Snake:4  | Noticed a nagaraja
 29567 | Snake:4  | Killed a nagaraja
 29567 | Snake:4  | Received a gift from Trog
 29809 | Snake:4  | Reached XP level 17. HP: 153/158 MP: 16/16
 30033 | Snake:4  | Got a serpentine rune of Zot
 30354 | D:10     | Bought a ring of flight for 175 gold pieces
 30501 | Shoals:1 | Entered Level 1 of the Shoals
 30661 | Shoals:1 | Reached skill level 1 in Shields
 30988 | Shoals:1 | Identified the +3 spear "Vap Ylua" {elec, Stlth+}
 31499 | Shoals:2 | Reached skill level 2 in Shields
 31587 | Shoals:2 | Received a gift from Trog
 31626 | Shoals:2 | Noticed a kraken
 31631 | Shoals:1 | Reached skill level 11 in Throwing
 31964 | Shoals:2 | Reached skill level 15 in Armour
 31979 | Shoals:2 | Found Gaxur's Vocational Training.
 32147 | Shoals:2 | Identified the ring "Muntirr" {rF+ Int+6}
 32161 | Shoals:2 | Reached ****** piety under Trog
 32162 | Shoals:2 | Reached skill level 9 in Evocations
 32196 | Shoals:2 | Noticed a kraken
 32223 | Shoals:2 | Killed a kraken
 32379 | Shoals:2 | Killed a kraken
 32648 | Shoals:2 | Found a runed translucent door.
 32648 | Shoals:2 | Noticed Onluw's ghost (adept DsWn)
 32661 | Shoals:2 | Killed Onluw's ghost
 32662 | Shoals:2 | Reached skill level 3 in Shields
 32744 | Shoals:3 | Found Bytoet's Armour Shop.
 32756 | Shoals:2 | Reached skill level 11 in Dodging
 33333 | Shoals:3 | Found a transporter.
 33333 | Shoals:3 | Found a transporter.
 33340 | Shoals:3 | Noticed a kraken
 33340 | Shoals:3 | Identified the ring of Qased {AC+4 Str+6}
 33925 | Shoals:3 | Noticed juan097's ghost (adept DrTm)
 34070 | Shoals:4 | Entered Level 4 of the Shoals
 34087 | Shoals:4 | Noticed Kirke
 34098 | Shoals:4 | Killed Kirke
 34142 | Shoals:4 | Received a gift from Trog
 34293 | Shoals:4 | Reached skill level 17 in Fighting
 34633 | Shoals:4 | Reached skill level 4 in Shields
 34637 | Shoals:4 | Reached XP level 18. HP: 76/169 MP: 17/17
 35323 | Shoals:4 | You are cast into the Abyss!
 35323 | Abyss:2  | Cast into level 2 of the Abyss (merfolk)
 35492 | Abyss:2  | Found a corrupted altar of Lugonu.
 35588 | Abyss:2  | Found a corrupted altar of Lugonu.
 35594 | Abyss:2  | Received a gift from Trog
 35597 | Abyss:2  | Paralysed by accursed screaming for 1 turns
 35598 | Abyss:2  | Reached skill level 5 in Shields
 35611 | Abyss:2  | Paralysed by accursed screaming for 1 turns
 35719 | Abyss:2  | Reached skill level 12 in Dodging
 36142 | Shoals:4 | You pass through the gate.
 36142 | Shoals:4 | Escaped the Abyss
 36143 | Shoals:4 | Noticed Polyphemus
 36318 | Shoals:3 | Reached skill level 16 in Armour
 36322 | Shoals:3 | Killed Polyphemus
 37175 | Shoals:4 | Reached skill level 6 in Shields
 37435 | Shoals:4 | Got a barnacled rune of Zot
 37586 | Shoals:4 | Identified the +0 mace "Goblin's Funeral" {vamp, +Blink
                  | rN+}
 37746 | Shoals:4 | Reached skill level 10 in Evocations
 37747 | Shoals:4 | Received a gift from Trog
 37836 | Shoals:4 | Identified the +11 falchion "Zueloud" {pain, rPois rF+
                  | Str+3}
 38281 | Shoals:3 | Reached skill level 12 in Throwing
 38348 | Shoals:3 | Killed juan097's ghost
 38798 | D:6      | Bought a ring of see invisible for 225 gold pieces
 39050 | D:13     | Found a gate leading to a gauntlet.
 39072 | Gauntlet | Entered a Gauntlet
 39072 | Gauntlet | Found a transporter.
 39072 | Gauntlet | Found a transporter.
 39084 | Gauntlet | Found a transporter.
 39102 | Gauntlet | Found a transporter.
 39102 | Gauntlet | Found a transporter.
 39102 | Gauntlet | Found a transporter.
 39104 | Gauntlet | Found a transporter.
 39104 | Gauntlet | Found a transporter.
 39118 | Gauntlet | Found a transporter.
 39134 | Gauntlet | Found a transporter.
 39144 | Gauntlet | Found a transporter.
 39158 | Gauntlet | Found a transporter.
 39178 | Gauntlet | Found a transporter.
 39190 | Gauntlet | Found a transporter.
 39370 | Gauntlet | Identified the +0 pair of boots of Wisdom {rN+}
 39854 | D:13     | Noticed Frances
 39864 | D:13     | Reached skill level 7 in Shields
 39870 | D:13     | Killed Frances
 40141 | D:13     | Reached XP level 19. HP: 177/177 MP: 18/18
 40195 | D:13     | Received a gift from Trog
 40224 | D:13     | Identified the +2 hat of the Enchanted Forest {Will+}
 40239 | D:13     | Found a gate to the Vaults.
 40403 | D:14     | Noticed Agnes
 40412 | D:14     | Killed Agnes
 40543 | D:14     | Noticed Rupert
 40558 | D:14     | Killed Rupert
 40563 | D:14     | Reached skill level 13 in Dodging
 40799 | D:14     | Noticed Snorg
 40817 | D:14     | Killed Snorg
 41015 | D:14     | Received a gift from Trog
 41131 | D:15     | Entered Level 15 of the Dungeon
 41385 | D:15     | Found a staircase to the Depths.
 41514 | D:15     | Reached skill level 8 in Shields
 41750 | D:15     | Found a hide-covered altar of Uskayaw.
 42486 | Elf:1    | Entered Level 1 of the Elven Halls
 42496 | Elf:1    | Paralysed by an air elemental for 1 turns
 42499 | Elf:1    | Received a gift from Trog
 42814 | Elf:1    | Reached skill level 18 in Fighting
 43024 | Elf:1    | Found Mejaghar's Distillery.
 43112 | Elf:1    | Received a gift from Trog
 43380 | Elf:1    | Found an ancient bone altar of Kikubaaqudgha.
 43441 | Elf:2    | Found a crumbling gateway.
 43518 | Desolati | Entered the Desolation of Salt
 43571 | Desolati | Reached skill level 9 in Shields
 44012 | Desolati | Reached XP level 20. HP: 180/187 MP: 19/19
 44218 | Desolati | Identified the ring "Hero's Friend" {rPois rF+ rC+}
 44311 | Desolati | Reached skill level 11 in Evocations
 44319 | Desolati | Reached skill level 14 in Dodging
 44346 | Desolati | Received a gift from Trog
 44500 | Desolati | Identified the +4 short sword of Biruist {flame, +Blink Fly
                  | rN+}
 44500 | Desolati | Identified the ring of the Oracle {rN+ Int+4}
 44658 | Desolati | Identified a +2 robe of the Archmagi
 44713 | Desolati | Identified the +4 great sword "Ehyam" {heavy, *Slow Will-
                  | Int+9 SInv}
 44842 | Desolati | Identified the +3 halberd "Dragon's Nightmare" {venom, Fly
                  | Str+2 Int+2}
 45067 | Desolati | Identified the ring "Jiepri Numa" {rC+ Str+2 Slay+3}
 45321 | Desolati | Identified the staff of death "Syn Vabaq" {rN+ Dex+2}
 45588 | Elf:2    | Reached skill level 13 in Throwing
 45749 | Elf:2    | Received a gift from Trog
 45795 | Elf:2    | Reached skill level 10 in Shields
 46278 | Elf:2    | Reached skill level 17 in Armour
 46416 | Elf:2    | Found a runed translucent gate.
 46416 | Elf:2    | Found a runed translucent gate.
 46422 | Elf:2    | Found a runed translucent gate.
 46606 | Elf:3    | Entered Level 3 of the Elven Halls
 46728 | Elf:3    | Identified the +4 flail "Boakloc" {antimagic, Int+2}
 47050 | Elf:3    | Received a gift from Trog
 47529 | Elf:3    | Received a gift from Trog
 47542 | Elf:3    | Reached skill level 15 in Maces & Flails
 47678 | Elf:3    | Identified the staff of earth "Qiryr" {rF++ Str+5 Dex-2}
 47696 | Elf:3    | Reached XP level 21. HP: 176/195 MP: 20/20
 47920 | Elf:3    | Identified the ring "Sanumuk" {AC+4 Int+7}
 47961 | Elf:3    | Reached skill level 11 in Shields
 47969 | Elf:3    | Reached skill level 15 in Dodging
 48054 | Elf:3    | Identified the +3 rapier "Muzootal" {holy, Contam Fly MP+9
                  | Dex-3}
 48056 | Elf:3    | Received a gift from Trog
 48115 | Elf:3    | Identified the +0 acid dragon scales of Entitlement {rPois
                  | rCorr Slay+2}
 48557 | Snake:1  | Bought a scroll of enchant weapon for 217 gold pieces
 48843 | Vaults:1 | Entered Level 1 of the Vaults
 48843 | Vaults:1 | Found Cesuwef's Distillery.
 49238 | Vaults:1 | Reached skill level 19 in Fighting
 49279 | Vaults:1 | Found Ilacw's Antique Armour Shop.
 49283 | Vaults:1 | Bought a distressingly furry cloak for 266 gold pieces
 49283 | Vaults:1 | Identified the +0 cloak "Symipt" {rC+ Int+3 Dex+3} (You
                  | bought it in a shop on level 1 of the Vaults)
 49550 | Vaults:1 | Found Esim's Assorted Antiques.
 49607 | Vaults:1 | Received a gift from Trog
 49674 | Vaults:1 | Noticed Saint Roka
 49687 | Vaults:1 | Killed Saint Roka
 49688 | Vaults:1 | Reached skill level 12 in Evocations
 49919 | Vaults:1 | Found Xepog's Magic Scroll Boutique.
 49923 | Vaults:1 | Bought 3 scrolls of acquirement for 2184 gold pieces
 49927 | Vaults:1 | Found Dymop's Armour Shoppe.
 50251 | Vaults:1 | Acquired a manual of Armour
 50253 | Vaults:1 | Acquired a manual of Armour
 51179 | Vaults:2 | Found Cearch's Antique Armour Shoppe.
 51274 | Vaults:2 | Reached skill level 12 in Shields
 51275 | Vaults:2 | Received a gift from Trog
 51749 | Vaults:3 | Reached XP level 22. HP: 135/207 MP: 21/21
 51801 | Vaults:3 | Received a gift from Trog
 52232 | Vaults:3 | Reached skill level 14 in Throwing
 52346 | Vaults:3 | Reached skill level 18 in Armour
 52435 | Vaults:3 | Reached skill level 20 in Fighting
 52442 | Vaults:3 | Noticed a dread lich
 52978 | Vaults:3 | Received a gift from Trog
 53185 | Vaults:3 | Found a staircase to the Crypt.
 53185 | Vaults:3 | Found a basalt altar of Yredelemnul.
 53185 | Vaults:3 | Found an ancient bone altar of Kikubaaqudgha.
 53571 | Vaults:4 | Noticed Margery
 53573 | Vaults:4 | Reached skill level 13 in Shields
 53595 | Vaults:4 | Killed Margery
 53597 | Vaults:4 | Noticed Sojobo
 53848 | Vaults:3 | Killed Sojobo
 54215 | Vaults:4 | Found Suiruy's Assorted Antiques.
 54224 | Vaults:4 | Bought a fizzy silvery potion for 29 gold pieces
 54263 | Vaults:4 | Reached skill level 16 in Maces & Flails
 54263 | Vaults:4 | Reached XP level 23. HP: 217/217 MP: 22/22
 54454 | Vaults:4 | Received a gift from Trog
 54563 | Vaults:4 | Reached skill level 16 in Dodging
 55325 | Vaults:4 | Reached skill level 21 in Fighting
 55488 | Vaults:4 | Reached XP level 24. HP: 228/228 MP: 22/22
 55493 | Vaults:4 | Reached skill level 14 in Shields
 55767 | Depths:1 | Entered Level 1 of the Depths
 56193 | Depths:1 | Reached skill level 19 in Armour
 56197 | Depths:1 | Received a gift from Trog
 56502 | Depths:1 | Found a gateway to Hell.
 56668 | Depths:1 | Found a one-way gate leading to the halls of Pandemonium.
 56837 | Depths:2 | Found a magical portal.
 56855 | WizLab   | Entered Yara's Duelist Academy
 57588 | WizLab   | Noticed Uhamogen
 57602 | WizLab   | Killed Uhamogen the Head Instructor
 57612 | WizLab   | Received a gift from Trog
 58215 | Depths:2 | Found a broken altar of Ashenzari.
 58941 | Depths:2 | Reached skill level 15 in Throwing
 59419 | Depths:2 | Received a gift from Trog
 59567 | Depths:2 | Reached skill level 15 in Shields
 59918 | Depths:2 | Reached skill level 22 in Fighting
 60668 | Vaults:1 | Bought a scroll of enchant armour for 105 gold pieces
 61011 | Depths:3 | Found Nodeulea's Weapon Boutique.
 61075 | Depths:3 | Found a one-way gate to the infinite horrors of the Abyss.
 61103 | Depths:3 | Reached skill level 1 in Stealth
 61271 | Depths:3 | Reached XP level 25. HP: 231/238 MP: 22/22
 61382 | Depths:3 | Received a gift from Trog
 61514 | Depths:3 | Found a sacrificial altar of Ru.
 61617 | Depths:4 | Entered Level 4 of the Depths
 61632 | Depths:4 | Reached skill level 2 in Stealth
 61768 | Depths:4 | Found a shimmering blue altar of Sif Muna.
 62034 | Depths:4 | Reached skill level 20 in Armour
 62146 | Depths:4 | Found a gate to the Realm of Zot.
 62159 | Depths:4 | Reached skill level 3 in Stealth
 62439 | Depths:4 | Found a one-way gateway to a ziggurat.
 62532 | Depths:4 | Found a shimmering blue altar of Sif Muna.
 62978 | Crypt:1  | Entered Level 1 of the Crypt
 62991 | Crypt:1  | Reached skill level 13 in Evocations
 63358 | Crypt:1  | Reached skill level 4 in Stealth
 63488 | Crypt:1  | Reached skill level 17 in Dodging
 63621 | Crypt:1  | Received a gift from Trog
 63704 | Crypt:1  | Reached skill level 16 in Shields
 64407 | Crypt:2  | Reached skill level 5 in Stealth
 64415 | Crypt:2  | Received a gift from Trog
 64806 | Crypt:2  | Identified the +14 chain mail of Temperance {rC+ rN+ Str-3
                  | Dex+6}
 64882 | Crypt:3  | Entered Level 3 of the Crypt
 64882 | Crypt:3  | Noticed Vv
 64912 | Crypt:2  | Killed Vv
 65402 | Crypt:3  | Noticed Mennas
 65451 | Crypt:3  | Killed Mennas
 65464 | Crypt:3  | Reached skill level 6 in Stealth
 65473 | Crypt:3  | Received a gift from Trog
 65808 | Crypt:3  | Reached XP level 26. HP: 249/249 MP: 22/22
 66054 | Crypt:3  | Noticed a curse skull
 66116 | Crypt:3  | Noticed a curse skull
 66118 | Crypt:3  | Killed a curse skull
 66119 | Crypt:3  | Reached skill level 23 in Fighting
 66150 | Crypt:3  | Killed a curse skull
 66281 | Crypt:3  | Noticed a curse skull
 66292 | Crypt:3  | Killed a curse skull
 66523 | Crypt:3  | Received a gift from Trog
 66685 | Crypt:3  | Reached skill level 7 in Stealth
 66732 | Crypt:3  | Identified the +4 plate armour of the Blacksmith {rF- rCorr
                  | Str+2}
 66813 | Crypt:3  | Reached skill level 16 in Throwing
 66845 | Crypt:3  | Noticed a dread lich
 66847 | Crypt:3  | Found an ancient bone altar of Kikubaaqudgha.
 66847 | Crypt:3  | Found a basalt altar of Yredelemnul.
 66859 | Crypt:3  | Killed a dread lich
 66911 | Crypt:3  | Identified the amulet "Toalarhy" {Acrobat rCorr Str+6}
 66961 | Crypt:3  | Identified the staff of poison "Oczi" {+Blink rPois rF+
                  | Int-3}
 66965 | Crypt:3  | Identified the ring "Secegguy" {rElec rN+ rCorr Dex+4}
 66965 | Crypt:3  | Identified the ring "Wiforphu" {Contam rN+ Will++}
 66965 | Crypt:3  | Identified the ring of Newu {rN+ Will+ Dex+4}
 67178 | Crypt:3  | Reached skill level 17 in Shields
 67226 | Crypt:3  | Found a staircase to the Tomb.
 68057 | Slime:1  | Entered Level 1 of the Pits of Slime
 68308 | Slime:2  | Reached skill level 21 in Armour
 68497 | Slime:1  | Received a gift from Trog
 69013 | Slime:4  | Reached skill level 14 in Evocations
 69267 | Slime:4  | Reached skill level 8 in Stealth
 69386 | Slime:4  | Identified the +12 mace of the Penguin {flame, rPois rF+
                  | Str+3 Int-4} (Trog gifted it to you on level 4 of the Pits
                  | of Slime)
 69386 | Slime:4  | Received a gift from Trog
 70395 | Slime:5  | Entered Level 5 of the Pits of Slime
 70764 | Slime:5  | Noticed the Royal Jelly
 70769 | Slime:5  | Killed the Royal Jelly
 70961 | Slime:5  | Received a gift from Trog
 70974 | Slime:5  | Reached XP level 27. HP: 234/259 MP: 22/22
 71023 | Slime:5  | Found the ring of the Hare {EV+10}
 71033 | Slime:5  | Identified the +1 quarterstaff "Killer Klown's Curse"
                  | {freeze, rN+ Str+2}
 71041 | Slime:5  | Identified the amulet "Vubah" {RegenMP +Inv rF++ Regen+
                  | Int+2}
 71056 | Slime:5  | Identified the staff of earth "Uruzuyst" {Dex+3}
 71060 | Slime:5  | Identified the +6 rapier of the Hurling Jester {protect,
                  | *Slow +Blink Dex+4}
 71064 | Slime:5  | Identified the staff of earth "Zeowiunk" {MP+9 Int+4}
 71065 | Slime:5  | Identified the +9 shortbow "Tyuwnas" {antimagic, Will+
                  | Dex+2}
 71106 | Slime:5  | Got a slimy rune of Zot
 71142 | Slime:5  | Identified the +5 plate armour "Byrar" {Str+3}
 71150 | Slime:5  | Identified the +3 ring mail of the Arena {rF+ rCorr Int+4
                  | Dex+3}
 71912 | Vaults:1 | Bought a potion of heal wounds for 200 gold pieces
 71912 | Vaults:1 | Bought a potion of heal wounds for 200 gold pieces
 71984 | Vaults:1 | Bought a potion of heal wounds for 55 gold pieces
 72112 | D:12     | You paid a toll of 13 potions of heal wounds to enter a
                  | treasure trove
 72113 | Trove    | Entered a treasure trove
 72123 | Trove    | Identified the amulet of Zaski Nusey {Acrobat rPois rN++}
 72134 | Trove    | Identified a +0 crystal plate armour
 72146 | Trove    | Identified the +0 robe of the Flute {Str+5 Dex-3}
 72369 | Zot:1    | Entered Level 1 of the Realm of Zot
 72426 | Zot:1    | Reached skill level 9 in Stealth
 72946 | Zot:1    | Noticed an electric golem
 72961 | Depths:4 | Killed an electric golem
 73322 | Depths:4 | Reached skill level 18 in Dodging
 73432 | Zot:1    | Reached skill level 18 in Shields
 73695 | Zot:1    | Reached skill level 10 in Stealth
 73714 | Zot:1    | Reached skill level 22 in Armour
 74122 | Zot:2    | Noticed a curse toe
 74148 | Zot:2    | Killed a curse toe
 74212 | Zot:2    | Noticed an orb of fire
 74260 | Zot:2    | Killed an orb of fire
 74264 | Zot:2    | Received a gift from Trog
 74273 | Zot:2    | Reached skill level 15 in Evocations
 74298 | Zot:2    | Reached skill level 24 in Fighting
 74300 | Zot:2    | Reached skill level 11 in Stealth
 74931 | Zot:2    | You fall into a shaft and drop 2 floors!
 75069 | Zot:4    | Noticed a curse toe
 75086 | Zot:4    | Killed a curse toe
 75121 | Zot:3    | Noticed Parghit
 75746 | Zot:3    | Killed Parghit
 75769 | Zot:3    | Reached skill level 12 in Stealth
 76262 | Zot:4    | Reached skill level 23 in Armour
 76275 | Zot:4    | Received a gift from Trog
 76345 | Zot:4    | Found a transporter.
 76534 | Zot:4    | Noticed Jeanorph's ghost (legendary MiBe)
 76537 | Zot:4    | Found a runed translucent door.
 76720 | Zot:4    | Found a transporter.
 76861 | Zot:4    | Killed Jeanorph's ghost
 77025 | Zot:5    | Entered Level 5 of the Realm of Zot
 78100 | Tomb:1   | Entered Level 1 of the Tomb of the Ancients
 78156 | Tomb:1   | Reached skill level 13 in Stealth
 78436 | Tomb:1   | Identified the +3 chain mail of the Nurturing Gods {-Cast
                  | rF+ Str+2}
 78491 | Tomb:1   | Received a gift from Trog
 78521 | Tomb:1   | Noticed a royal mummy
 78537 | Tomb:1   | Killed a royal mummy
 78794 | Tomb:1   | Noticed a royal mummy
 78804 | Tomb:1   | Reached skill level 16 in Evocations
 78821 | Tomb:1   | Killed a royal mummy
 78822 | Tomb:1   | Reached skill level 17 in Maces & Flails
 79017 | Tomb:1   | Reached skill level 17 in Throwing
 79636 | Hell     | Entered the Vestibule of Hell
 79636 | Hell     | Noticed Geryon
 80224 | Hell     | Killed Geryon
 80385 | Hell     | Found a gateway to the decaying netherworld of Tartarus.
 80482 | Hell     | Found a gateway to the freezing wastes of Cocytus.
 80509 | Hell     | Received a gift from Trog
 80634 | Hell     | Reached skill level 14 in Stealth
 80895 | Hell     | Found a gateway to the ashen valley of Gehenna.
 81050 | Hell     | Found a gateway to the Iron City of Dis.
 81655 | Depths:3 | Voluntarily entered the Abyss.
 81678 | Abyss:2  | Found a corrupted altar of Lugonu.
 82053 | Abyss:2  | Received a gift from Trog
 82564 | Abyss:3  | Found a corrupted altar of Lugonu.
 82695 | Abyss:3  | Received a gift from Trog
 83017 | Abyss:3  | Got an abyssal rune of Zot
 83135 | Depths:3 | You pass through the gate.
 83135 | Depths:3 | Escaped the Abyss
 83230 | Depths:3 | Voluntarily entered the Abyss.
 83276 | Abyss:3  | Found a corrupted altar of Lugonu.
 83320 | Abyss:3  | Found a corrupted altar of Lugonu.
 83364 | Abyss:3  | Reached skill level 24 in Armour
 83393 | Abyss:3  | Reached skill level 15 in Stealth
 83419 | Abyss:3  | Received a gift from Trog
 83509 | Abyss:3  | Found a corrupted altar of Lugonu.
 83653 | Abyss:3  | Reached skill level 17 in Evocations
 83757 | Abyss:3  | Received a gift from Trog
 83777 | Depths:3 | You pass through the gate.
 83777 | Depths:3 | Escaped the Abyss
 83790 | Depths:3 | Reached skill level 18 in Throwing
 85767 | Vaults:5 | Entered Level 5 of the Vaults
 85772 | Vaults:5 | Reached skill level 18 in Maces & Flails
 85808 | Vaults:5 | Reached skill level 25 in Fighting
 85901 | Vaults:5 | Received a gift from Trog
 86057 | Vaults:5 | Identified the +1 robe of Modesty {Str+2}
 86057 | Vaults:5 | Identified the ring "Jeuc Yru" {rN+ MP+9}
 86062 | Vaults:5 | Received a gift from Trog
 86148 | Vaults:5 | Noticed an ancient lich
 86159 | Vaults:5 | Killed an ancient lich
 86266 | Vaults:5 | Found Ycub's Magic Scroll Shop.
 86266 | Vaults:5 | Found Noarghack's Distillery.
 86271 | Vaults:5 | Bought a scroll of enchant weapon for 120 gold pieces
 86278 | Vaults:5 | Found Xomairhacu's Distillery.
 86279 | Vaults:5 | Bought a potion of heal wounds for 80 gold pieces
 86368 | Vaults:5 | Acquired 649 gold pieces
 86407 | Vaults:5 | Identified the +0 leather armour of Foufroet {-Cast rPois
                  | rF++ Regen+}
 86444 | Vaults:5 | Got a silver rune of Zot
 86476 | Vaults:5 | Identified the amulet of Emurithi {Faith rElec rF+ Will+}
 86726 | Vaults:5 | Reached skill level 18 in Evocations
 86735 | Vaults:5 | Received a gift from Trog
 86881 | Vaults:5 | Identified the staff of poison "Gisacaj" {rPois Str+2}
 86893 | Vaults:5 | Identified the ring "Heguav" {rF+ MP+9 Int+4}
 86984 | Vaults:5 | Found Veprabip's Magic Scroll Shop.
 87004 | Vaults:5 | Found Uquqe's Distillery.
 87004 | Vaults:5 | Found Catacic's Distillery.
 87104 | Vaults:5 | Reached skill level 19 in Maces & Flails
 87104 | Vaults:5 | Reached skill level 19 in Throwing
 87561 | D:13     | Acquired a manual of Axes
 87809 | Tomb:1   | Noticed a royal mummy
 87809 | Tomb:1   | Noticed a royal mummy
 87809 | Tomb:1   | Noticed a royal mummy
 87817 | Tomb:1   | Killed a royal mummy
 87818 | Tomb:1   | Reached skill level 1 in Axes
 87818 | Tomb:1   | Noticed a royal mummy
 87824 | Tomb:1   | Killed a royal mummy
 87829 | Tomb:1   | Noticed a royal mummy
 87830 | Tomb:1   | Killed a royal mummy
 87831 | Tomb:1   | Reached skill level 2 in Axes
 87839 | Tomb:1   | Killed a royal mummy
 87852 | Tomb:1   | Killed a royal mummy
 87941 | Tomb:1   | Noticed a royal mummy
 87944 | Tomb:1   | Noticed a royal mummy
 87946 | Tomb:1   | Noticed a royal mummy
 87952 | Tomb:1   | Noticed a royal mummy
 87958 | Tomb:1   | Killed a royal mummy
 87959 | Tomb:1   | Reached skill level 3 in Axes
 87965 | Tomb:1   | Killed a royal mummy
 87966 | Tomb:1   | Noticed a royal mummy
 87966 | Tomb:1   | Noticed a royal mummy
 87966 | Tomb:1   | Noticed a royal mummy
 87973 | Tomb:1   | Killed a royal mummy
 87974 | Tomb:1   | Noticed a royal mummy
 87975 | Tomb:1   | Noticed a royal mummy
 87978 | Tomb:1   | Killed a royal mummy
 87979 | Tomb:1   | Reached skill level 4 in Axes
 87981 | Tomb:1   | Killed a royal mummy
 87983 | Tomb:1   | Killed a royal mummy
 87984 | Tomb:1   | Killed a royal mummy
 87984 | Tomb:1   | Killed a royal mummy
 87985 | Tomb:1   | Reached skill level 26 in Fighting
 87993 | Tomb:1   | Killed a royal mummy
 87994 | Tomb:1   | Reached skill level 5 in Axes
 88224 | Tomb:1   | Noticed a royal mummy
 88238 | Tomb:1   | Killed a royal mummy
 88247 | Tomb:1   | Noticed a royal mummy
 88255 | Tomb:1   | Killed a royal mummy
 88255 | Tomb:1   | Identified the +3 morningstar "Emoamil" {flame, Str+5}
                  | (Trog gifted it to you on level 1 of the Tomb of the
                  | Ancients)
 88255 | Tomb:1   | Received a gift from Trog
 88265 | Tomb:1   | Noticed a royal mummy
 88295 | Tomb:1   | Killed a royal mummy
 88310 | Tomb:1   | Noticed a royal mummy
 88322 | Tomb:1   | Killed a royal mummy
 88360 | Tomb:1   | Noticed a royal mummy
 88361 | Tomb:1   | Noticed a royal mummy
 88361 | Tomb:1   | Noticed a royal mummy
 88378 | Tomb:1   | Killed a royal mummy
 88379 | Tomb:1   | Reached skill level 6 in Axes
 88448 | Tomb:1   | Killed a royal mummy
 88487 | Tomb:1   | Killed a royal mummy
 88767 | Tomb:2   | Noticed a royal mummy
 88767 | Tomb:2   | Noticed a royal mummy
 88784 | Tomb:2   | Killed a royal mummy
 88842 | Tomb:2   | Killed a royal mummy
 88842 | Tomb:2   | Noticed a royal mummy
 88843 | Tomb:2   | Reached skill level 7 in Axes
 88846 | Tomb:2   | Noticed a royal mummy
 88855 | Tomb:2   | Killed a royal mummy
 88858 | Tomb:2   | Killed a royal mummy
 89177 | Tomb:2   | Identified the +0 pair of boots "Fureurem" {Will- Int+2
                  | Dex+5}
 89659 | Tomb:2   | Reached skill level 8 in Axes
 89824 | Tomb:3   | Entered Level 3 of the Tomb of the Ancients
 89836 | Tomb:3   | Found the amulet of Vitality {RegenMP++ Regen++}
 89846 | Tomb:3   | Found the +10 tower shield of Ignorance {rN+ Int-4}
 89852 | Tomb:3   | Identified the +3 morningstar "Baihaga" {flame, rF++} (Trog
                  | gifted it to you on level 3 of the Tomb of the Ancients)
 89852 | Tomb:3   | Received a gift from Trog
 90114 | Tomb:3   | Noticed a royal mummy
 90114 | Tomb:3   | Noticed a royal mummy
 90117 | Tomb:3   | Noticed a royal mummy
 90120 | Tomb:3   | Noticed a royal mummy
 90126 | Tomb:3   | Reached skill level 9 in Axes
 90126 | Tomb:3   | Noticed a royal mummy
 90127 | Tomb:3   | Killed a royal mummy
 90128 | Tomb:3   | Noticed a royal mummy
 90128 | Tomb:3   | Killed a royal mummy
 90129 | Tomb:3   | Noticed a royal mummy
 90129 | Tomb:3   | Noticed a royal mummy
 90129 | Tomb:3   | Noticed a royal mummy
 90295 | Tomb:3   | Killed a royal mummy
 90303 | Tomb:3   | Killed a royal mummy
 90303 | Tomb:3   | Received a gift from Trog
 90304 | Tomb:3   | Reached skill level 20 in Throwing
 90304 | Tomb:3   | Killed a royal mummy
 90305 | Tomb:3   | Reached skill level 10 in Axes
 90924 | Depths:3 | Voluntarily entered the Abyss.
 91424 | Abyss:3  | Reached skill level 11 in Axes
 91467 | Abyss:3  | Paralysed by you for 2 turns
 91542 | Abyss:3  | Received a gift from Trog
 91545 | Abyss:3  | Reached skill level 27 in Fighting
 91933 | Abyss:3  | Reached skill level 12 in Axes
 92082 | Abyss:3  | Noticed an ancient lich
 92090 | Abyss:3  | Killed an ancient lich
 92090 | Abyss:3  | Received a gift from Trog
 92238 | Depths:3 | You pass through the gate.
 92238 | Depths:3 | Escaped the Abyss
 92978 | Tomb:3   | Killed a royal mummy
 92983 | Tomb:3   | Killed a royal mummy
 92983 | Tomb:3   | Killed a royal mummy
 92990 | Tomb:3   | Killed a royal mummy
 93354 | Tomb:3   | Got a golden rune of Zot
 93406 | Tomb:3   | Identified the +0 cloak of Niotuq {+Inv rCorr Stlth-}
 93408 | Tomb:3   | Identified the ring "Borhifab" {rF+ Str+2 Int+5}
 93415 | Tomb:3   | Identified the staff of fire "Imeuverph" {rPois rF+ rN++
                  | Int+4}
 93416 | Tomb:3   | Identified the scarf "Jekloel" {repulsion, Dex+3}
 93417 | Tomb:3   | Identified the +11 mace of Dismay {freeze, rC+ Int+2}
 93440 | Tomb:3   | Identified the amulet "Quat" {Faith -Cast Rampage rCorr
                  | Str-3 Dex+2}
 93460 | Tomb:3   | Acquired the +0 helmet "Hufoem" {-Tele rElec rC+ Int+3}
 93473 | Tomb:3   | Identified the +1 scimitar of Ru, Fortifying {flame, rF++
                  | rN+}
 93474 | Tomb:3   | Identified the amulet "Furenguk" {Acrobat rF+}
 94130 | D:6      | Bought a scroll of blinking for 105 gold pieces
 94130 | D:6      | Bought a scroll of silence for 133 gold pieces
 94250 | Snake:1  | Bought a scroll of blinking for 105 gold pieces
 94282 | Snake:1  | Bought a scroll of blinking for 217 gold pieces
 94282 | Snake:1  | Bought a potion of cancellation for 232 gold pieces
 94662 | Vaults:5 | Bought a scroll of magic mapping for 120 gold pieces
 94676 | Vaults:5 | Bought a potion of haste for 170 gold pieces
 94676 | Vaults:5 | Bought a potion of heal wounds for 85 gold pieces
 94935 | Orc:2    | Bought 2 potions of haste for 240 gold pieces
 94995 | Elf:1    | Bought a potion of haste for 150 gold pieces
 95055 | Orc:2    | Bought a potion of haste for 120 gold pieces
 95333 | Zig:1    | Entered Level 1 of a ziggurat
 95333 | Zig:1    | Noticed a juggernaut
 95340 | Zig:1    | Killed a juggernaut
 95350 | Zig:2    | Entered Level 2 of a ziggurat
 95375 | Zig:3    | Entered Level 3 of a ziggurat
 95385 | Zig:3    | Reached skill level 21 in Throwing
 95396 | Zig:3    | Identified the +0 troll leather armour of the Living God
                  | {Regen+ SInv}
 95407 | Zig:4    | Entered Level 4 of a ziggurat
 95430 | Zig:4    | Identified the staff of conjuration "Byosaag" {rElec rCorr}
 95439 | Zig:5    | Entered Level 5 of a ziggurat
 95448 | Zig:5    | Received a gift from Trog
 95491 | Zig:5    | Reached skill level 13 in Axes
 95505 | Zig:6    | Entered Level 6 of a ziggurat
 95568 | Zig:6    | Identified the staff of cold "Yxenocax" {rF+ rC+ rN+}
 95574 | Zig:7    | Entered Level 7 of a ziggurat
 95586 | Zig:7    | Noticed a juggernaut
 95586 | Zig:7    | Noticed a juggernaut
 95597 | Zig:7    | Killed a juggernaut
 95609 | Zig:7    | Killed a juggernaut
 95666 | Zig:8    | Entered Level 8 of a ziggurat
 95670 | Zig:8    | Noticed a juggernaut
 95691 | Zig:8    | Killed a juggernaut
 95703 | Zig:8    | Reached skill level 16 in Stealth
 95733 | Zig:8    | Identified the +5 war axe "Qaven" {antimagic, Fly rC- rN+}
 95749 | Zig:8    | Identified the ring of Yrhoaq {Fly EV+5}
 95772 | Zig:9    | Entered Level 9 of a ziggurat
 95925 | Zig:9    | Identified the ring of Vampiric Thralls {Ice rElec Will+
                  | Str-5 Dex+4}
 95928 | Zig:9    | Identified the +0 flail of Sianukk {drain, rElec Str+3
                  | Int+3}
 95973 | Zig:10   | Entered Level 10 of a ziggurat
 96039 | Zig:10   | Received a gift from Trog
 96069 | Zig:10   | Found the +6 Majin-Bo {spellvamp, MP+6 Int+6}
 96075 | Zig:10   | Found the sphere of Battle
 96080 | Zig:10   | Identified the +2 short sword of Zin's Generosity {flame,
                  | Dex+3}
 96162 | Zig:11   | Entered Level 11 of a ziggurat
 96168 | Zig:11   | Noticed a caustic shrike
 96169 | Zig:11   | Noticed a caustic shrike
 96170 | Zig:11   | Noticed a caustic shrike
 96176 | Zig:11   | Noticed a caustic shrike
 96180 | Zig:11   | Killed a caustic shrike
 96185 | Zig:11   | Killed a caustic shrike
 96199 | Zig:11   | Killed a caustic shrike
 96238 | Zig:11   | Killed a caustic shrike
 96252 | Zig:11   | HP: 19/273 [quicksilver elemental/bolt of dispelling energy
                  | (17)]
 96456 | Zig:11   | Identified the ring "Seck" {rF+ rCorr Dex+6 SInv}
 96472 | Zig:11   | Identified the ring "Yvimustre" {rElec rF+ Str+8 Int-5
                  | Stlth+}
 96474 | Zig:11   | Identified the +1 spear of Muq Efa {venom, rF+ Stlth+}
 96484 | Zig:11   | Identified the ring of the Death Scarab {rC+ AC+4}
 96662 | Pan      | Entered Pandemonium
 96875 | Pan      | Noticed Dehir the pandemonium lord
 96895 | Pan      | Killed Dehir the pandemonium lord
 98027 | Pan      | Received a gift from Trog
 98095 | Pan      | Noticed Ruleoral the pandemonium lord
 98120 | Pan      | Reached skill level 17 in Stealth
 98134 | Pan      | Killed Ruleoral the pandemonium lord
 98135 | Pan      | Reached skill level 19 in Dodging
 98135 | Pan      | Reached skill level 19 in Evocations
 99070 | Depths:1 | You pass through the gate.
 99070 | Depths:1 | Escaped Pandemonium
 99076 | Depths:1 | Upgraded the game from 0.31-a0-1-g4198be8af4 to
                  | 0.31-a0-4-gefa6de2278
100460 | Pan      | Entered Pandemonium
100575 | Pan      | Identified the +5 glaive of Courage {freeze, Drain rN+
                  | Will++ SInv}
100915 | Pan      | Noticed Tedunori the pandemonium lord
100924 | Pan      | Killed Tedunori the pandemonium lord
100926 | Pan      | Reached skill level 19 in Shields
101397 | Pan      | Found an exit through the horrors of the Abyss.
101957 | Pan      | Noticed Byhinu the pandemonium lord
102178 | Pan      | Killed Byhinu the pandemonium lord
102382 | Pan      | Found a runed translucent door.
102399 | Pan      | Got a demonic rune of Zot
102566 | Pan      | Reached skill level 18 in Stealth
103000 | Pan      | Reached skill level 22 in Throwing
103031 | Pan      | Noticed Jaizouvu the pandemonium lord
103068 | Pan      | Killed Jaizouvu the pandemonium lord
103226 | Pan      | Identified a +0 robe of the Archmagi
103263 | Pan      | Received a gift from Trog
105083 | Pan      | Noticed Egeukeif the pandemonium lord
105098 | Pan      | Killed Egeukeif the pandemonium lord
105167 | Pan      | Received a gift from Trog
105635 | Depths:1 | You pass through the gate.
105635 | Depths:1 | Escaped Pandemonium
105642 | Pan      | Entered Pandemonium
106213 | Pan      | Reached skill level 20 in Evocations
106274 | Pan      | Reached skill level 20 in Dodging
106313 | Pan      | Noticed Gegeiluo the pandemonium lord
106334 | Pan      | Reached skill level 19 in Stealth
106342 | Pan      | Killed Gegeiluo the pandemonium lord
106394 | Pan      | Identified a +2 robe of the Archmagi
106402 | Pan      | Received a gift from Trog
106405 | Pan      | Identified a +2 robe of the Archmagi
106852 | Pan      | Identified the +4 quarterstaff of the Badger {heavy, rPois
                  | rN++ Dex-2 SInv}
106900 | Pan      | Identified the +10 war axe of Equivalence {flame, rElec
                  | Will- Str+4 Int+6}
107146 | Pan      | Noticed Jedausat the pandemonium lord
107166 | Pan      | Killed Jedausat the pandemonium lord
107167 | Pan      | Reached skill level 20 in Shields
107646 | Pan      | Found an exit through the horrors of the Abyss.
107962 | Pan      | Noticed Quirph the pandemonium lord
108035 | Pan      | Killed Quirph the pandemonium lord
108140 | Pan      | Identified the +7 war axe "Dragonslayer" {heavy, SInv}
                  | (Trog gifted it to you in Pandemonium)
108140 | Pan      | Received a gift from Trog
108386 | Depths:1 | You pass through the gate.
108386 | Depths:1 | Escaped Pandemonium
109405 | Pan      | Entered Pandemonium
109871 | Pan      | Noticed Toitusux the pandemonium lord
109899 | Pan      | Killed Toitusux the pandemonium lord
109900 | Pan      | Reached skill level 20 in Stealth
110232 | Pan      | Reached skill level 23 in Throwing
110297 | Pan      | Received a gift from Trog
110734 | Pan      | Noticed Ategg the pandemonium lord
110756 | Pan      | Killed Ategg the pandemonium lord
111121 | Pan      | Found an exit through the horrors of the Abyss.
111297 | Depths:1 | You pass through the gate.
111297 | Depths:1 | Escaped Pandemonium
111331 | Pan      | Entered the realm of Gloorx Vloq.
111331 | Pan      | Entered Pandemonium
112070 | Pan      | Noticed Gloorx Vloq
112084 | Pan      | Noticed a curse skull
112084 | Pan      | Noticed a curse skull
112104 | Pan      | Killed Gloorx Vloq
112104 | Pan      | Received a gift from Trog
112149 | Pan      | Killed a curse skull
112409 | Pan      | Killed a curse skull
112436 | Pan      | Got a dark rune of Zot
112556 | Pan      | Reached skill level 21 in Evocations
112584 | Pan      | Entered the realm of Cerebov.
112589 | Pan      | Reached skill level 21 in Dodging
112620 | Pan      | Acquired a manual of Shields
112731 | Pan      | Found an exit through the horrors of the Abyss.
113144 | Pan      | Reached skill level 21 in Shields
113226 | Pan      | Reached skill level 21 in Stealth
113281 | Pan      | Received a gift from Trog
113640 | Pan      | Identified the +11 arbalest of the Feather {freeze, rC+}
113646 | Pan      | Identified the scarf of Abikizit {harm, Stlth+}
113720 | Pan      | Identified the staff of poison "Fiafeptaa" {rPois Will-
                  | Dex+3}
114080 | Pan      | Found the +6 sword of Cerebov {flame}
114080 | Pan      | Noticed Cerebov
114114 | Pan      | Killed Cerebov
114262 | Pan      | Got a fiery rune of Zot
114513 | Pan      | Noticed Xeadad the pandemonium lord
114533 | Pan      | Killed Xeadad the pandemonium lord
114693 | Pan      | Reached skill level 22 in Shields
114841 | Pan      | Received a gift from Trog
114893 | Pan      | Noticed Ignacio
114907 | Pan      | Killed Ignacio
115530 | Pan      | Reached skill level 22 in Stealth
115826 | Pan      | Identified the staff of earth "Hioraoda" {rPois Str+2}
115836 | Pan      | Entered the realm of Mnoleg.
115878 | Pan      | Reached skill level 24 in Throwing
116151 | Pan      | Found an exit through the horrors of the Abyss.
116316 | Pan      | Received a gift from Trog
117098 | Pan      | Noticed Mnoleg
117175 | Pan      | Killed Mnoleg
117230 | Pan      | Got a glowing rune of Zot
117281 | Pan      | Identified the +9 falchion "Faerghep" {holy, rElec rN+++
                  | Will+ Int-4}
117381 | Pan      | Entered the realm of Lom Lobon.
117516 | Pan      | Identified a +1 robe of resistance
117549 | Pan      | Found an exit through the horrors of the Abyss.
117598 | Pan      | Received a gift from Trog
118140 | Pan      | Noticed Lom Lobon
118167 | Pan      | Killed Lom Lobon
118190 | Pan      | Got a magical rune of Zot
118437 | Pan      | Received a gift from Trog
118505 | Pan      | Found an exit through the horrors of the Abyss.
118577 | Pan      | Reached skill level 23 in Shields
118684 | Pan      | Noticed Guvvoexao the pandemonium lord
118706 | Pan      | Killed Guvvoexao the pandemonium lord
119245 | Pan      | Found a huge runed translucent gate.
119246 | Pan      | Found a huge runed translucent gate.
119247 | Pan      | Found a huge runed translucent gate.
119248 | Pan      | Found a huge runed translucent gate.
119251 | Pan      | Found a huge runed translucent gate.
119418 | Pan      | Received a gift from Trog
119719 | Pan      | Found an exit through the horrors of the Abyss.
119979 | Pan      | Reached skill level 22 in Dodging
120009 | Pan      | Found a huge runed translucent gate.
120233 | Pan      | Found a huge runed translucent gate.
120308 | Pan      | Noticed Ofeckeot the pandemonium lord
120321 | Pan      | Killed Ofeckeot the pandemonium lord
120471 | Depths:1 | You pass through the gate.
120471 | Depths:1 | Escaped Pandemonium
120606 | Dis:1    | Entered Level 1 of the Iron City of Dis
120606 | Dis:1    | Noticed a caustic shrike
120606 | Dis:1    | Noticed a caustic shrike
120606 | Dis:1    | Noticed a caustic shrike
120606 | Dis:1    | Noticed a caustic shrike
120606 | Dis:1    | Noticed a caustic shrike
120607 | Dis:1    | You fall into a shaft and drop 1 floor!
120620 | Dis:2    | Noticed an ancient lich
120651 | Dis:2    | Killed an ancient lich
120879 | Dis:2    | Reached skill level 25 in Throwing
121001 | Dis:3    | Noticed a caustic shrike
121001 | Dis:3    | Noticed a caustic shrike
121001 | Dis:3    | Noticed a caustic shrike
121001 | Dis:3    | Noticed a caustic shrike
121001 | Dis:3    | Noticed a caustic shrike
121001 | Dis:3    | Noticed a caustic shrike
121001 | Dis:3    | Noticed a caustic shrike
121001 | Dis:3    | Noticed a caustic shrike
121007 | Dis:3    | Killed a caustic shrike
121010 | Dis:3    | Killed a caustic shrike
121011 | Dis:3    | Reached skill level 23 in Stealth
121019 | Dis:3    | Killed a caustic shrike
121023 | Dis:3    | Killed a caustic shrike
121024 | Dis:3    | Killed a caustic shrike
121024 | Dis:3    | Killed a caustic shrike
121030 | Dis:3    | Killed a caustic shrike
121030 | Dis:3    | Received a gift from Trog
121034 | Dis:3    | Killed a caustic shrike
121139 | Dis:3    | Noticed a caustic shrike
121139 | Dis:3    | Noticed a caustic shrike
121145 | Dis:3    | Noticed a caustic shrike
121145 | Dis:3    | Noticed a caustic shrike
121150 | Dis:3    | Killed a caustic shrike
121151 | Dis:3    | Killed a caustic shrike
121157 | Dis:3    | Killed a caustic shrike
121158 | Dis:3    | Killed a caustic shrike
121286 | Dis:4    | Noticed a caustic shrike
121286 | Dis:4    | Noticed a caustic shrike
121289 | Dis:4    | Noticed a caustic shrike
121289 | Dis:4    | Noticed a caustic shrike
121295 | Dis:4    | Killed a caustic shrike
121298 | Dis:4    | Killed a caustic shrike
121303 | Dis:4    | Noticed a caustic shrike
121326 | Dis:4    | Killed a caustic shrike
121327 | Dis:4    | Killed a caustic shrike
121328 | Dis:4    | Killed a caustic shrike
121796 | Dis:5    | Noticed a dread lich
121808 | Dis:5    | Killed a dread lich
121812 | Dis:5    | Noticed a caustic shrike
121822 | Dis:5    | Killed a caustic shrike
121827 | Dis:5    | Noticed a caustic shrike
121896 | Dis:5    | Noticed a caustic shrike
121904 | Dis:5    | Killed a caustic shrike
121921 | Dis:5    | Killed a caustic shrike
122265 | Dis:7    | Entered Level 7 of the Iron City of Dis
122550 | Dis:7    | Received a gift from Trog
122762 | Dis:7    | HP: 23/261 [iron giant/+0 giant club (48)]
122975 | Dis:7    | Noticed an ancient lich
123010 | Dis:7    | Killed an ancient lich
123295 | Dis:7    | Noticed a juggernaut
123336 | Dis:7    | Killed a juggernaut
123371 | Dis:7    | Identified the ring "Zeurug" {Ice Int+3 Slay+3}
123664 | Dis:7    | Noticed a caustic shrike
123672 | Dis:7    | Noticed a caustic shrike
123673 | Dis:7    | Killed a caustic shrike
123675 | Dis:7    | Noticed a caustic shrike
123683 | Dis:7    | Killed a caustic shrike
123684 | Dis:7    | Reached skill level 23 in Dodging
123692 | Dis:7    | Killed a caustic shrike
123693 | Dis:7    | Reached skill level 22 in Evocations
123819 | Dis:7    | Noticed a caustic shrike
123827 | Dis:7    | Killed a caustic shrike
123853 | Dis:7    | Noticed a caustic shrike
123860 | Dis:7    | Killed a caustic shrike
124184 | Dis:7    | Reached skill level 25 in Armour
124276 | Dis:7    | Received a gift from Trog
124802 | Dis:7    | Noticed a caustic shrike
124813 | Dis:7    | Killed a caustic shrike
125154 | Dis:7    | Noticed a juggernaut
125154 | Dis:7    | Noticed Dispater
125247 | Dis:7    | Killed a juggernaut
125358 | Dis:7    | Killed Dispater
125359 | Dis:7    | Reached skill level 26 in Throwing
125456 | Dis:7    | Got an iron rune of Zot
125460 | Dis:7    | Identified the +4 morningstar of Embarrassment {pain, rPois
                  | Str+5 Dex-5 SInv}
125972 | Vaults:5 | Bought a scroll of enchant armour for 120 gold pieces
125972 | Vaults:5 | Bought a scroll of enchant armour for 120 gold pieces
126027 | Vaults:5 | Bought a scroll of enchant armour for 150 gold pieces
126039 | Vaults:5 | Bought a potion of cancellation for 136 gold pieces
126050 | Vaults:5 | Bought a potion of might for 68 gold pieces
126050 | Vaults:5 | Bought a potion of cancellation for 136 gold pieces
126050 | Vaults:5 | Bought a potion of might for 68 gold pieces
126050 | Vaults:5 | Bought a potion of might for 68 gold pieces
126549 | Tar:1    | Entered Level 1 of Tartarus
126871 | Tar:2    | Reached skill level 24 in Stealth
126871 | Tar:2    | Reached skill level 24 in Shields
127066 | Tar:3    | You fall into a shaft and drop 3 floors!
127693 | Tar:7    | Entered Level 7 of Tartarus
127876 | Tar:7    | Received a gift from Trog
128209 | Tar:7    | hwolsky: yoooooo
128920 | Tar:7    | hwolsky: are you on explore mode?
129257 | Tar:7    | Reached skill level 26 in Armour
129548 | Tar:7    | Received a gift from Trog
129904 | Tar:7    | Reached skill level 25 in Shields
129937 | Tar:7    | Reached skill level 24 in Dodging
130067 | Tar:7    | Found the ring of the Octopus King
130074 | Tar:7    | Identified the +5 mace "Wuijiziy" {chaos, Stlth+}
130081 | Tar:7    | Identified a ring of the Octopus King {HP+2 MP+9 AC+2 EV+2
                  | SH+2}
130138 | Tar:7    | Noticed Ereshkigal
130888 | Tar:7    | Killed Ereshkigal
130922 | Tar:7    | Identified the amulet "Tacuikh" {Harm Regen+}
130927 | Tar:7    | Identified the +2 long sword "Laen" {flame, rC+ Dex+3}
130929 | Tar:7    | Got a bone rune of Zot
130933 | Tar:7    | Identified the ring of the Enemy {Fly rF+ Dex+2 Slay+3}
131924 | Coc:1    | Entered Level 1 of Cocytus
131934 | Coc:1    | Noticed an ancient lich
131947 | Coc:1    | Killed an ancient lich
132081 | Coc:1    | Paralysed by a wendigo for 1 turns
132278 | Coc:2    | Received a gift from Trog
132370 | Coc:2    | Paralysed by a wendigo for 1 turns
132650 | Coc:3    | Noticed a dread lich
132653 | Coc:3    | Killed a dread lich
132707 | Coc:3    | Received a gift from Trog
132756 | Coc:3    | Reached skill level 26 in Shields
133004 | Coc:4    | Reached skill level 27 in Armour
133262 | Coc:5    | Received a gift from Trog
133273 | Coc:5    | Paralysed by a wendigo for 1 turns
133278 | Coc:5    | Paralysed by a wendigo for 1 turns
133294 | Coc:5    | Paralysed by a wendigo for 1 turns
133302 | Coc:5    | You are sucked into a shaft and drop 1 floor!
133302 | Coc:6    | Noticed an ancient lich
133303 | Coc:6    | Killed an ancient lich
133380 | Coc:6    | Reached skill level 27 in Shields
133491 | Coc:6    | Paralysed by a wendigo for 1 turns
133585 | Coc:6    | Paralysed by a wendigo for 1 turns
133975 | Coc:7    | Entered Level 7 of Cocytus
134182 | Coc:7    | Received a gift from Trog
134554 | Coc:7    | Noticed the Serpent of Hell
134578 | Coc:7    | Killed the Serpent of Hell
134586 | Coc:7    | Paralysed by a wendigo for 1 turns
134930 | Coc:7    | Received a gift from Trog
135311 | Coc:7    | Noticed Antaeus
135376 | Coc:7    | Killed Antaeus
135459 | Coc:7    | Got an icy rune of Zot
135470 | Coc:7    | Identified the staff of earth "Dousatte" {rC+ Will- Str+3
                  | Int+3}
135543 | Coc:7    | Identified the +1 mace "Ticwit" {flame, +Blink}
135853 | D:13     | Upgraded the game from 0.31-a0-4-gefa6de2278 to
                  | 0.31-a0-7-g51783674b7
136018 | Geh:1    | Entered Level 1 of Gehenna
136473 | Geh:2    | Reached skill level 27 in Throwing
136731 | Geh:3    | Reached skill level 25 in Stealth
136999 | Geh:3    | Reached skill level 23 in Evocations
138176 | Geh:7    | Entered Level 7 of Gehenna
138200 | Geh:7    | Reached skill level 25 in Dodging
139066 | Geh:7    | Reached skill level 26 in Stealth
139078 | Geh:7    | Identified the +9 great sword "Tior" {speed, rPois Will++
                  | Int+3 Dex-4}
139245 | Geh:7    | Received a gift from Trog
139328 | Geh:7    | Found the +12 pair of quick blades "Gyre" and "Gimble"
                  | {protect}
139431 | Geh:7    | Found the +13 sceptre of Asmodeus
139431 | Geh:7    | Noticed Asmodeus
139589 | Geh:7    | Killed Asmodeus
139682 | Geh:7    | Got an obsidian rune of Zot
141095 | Zot:5    | Noticed an ancient lich
141102 | Zot:5    | Noticed an ancient lich
141105 | Zot:5    | Killed an ancient lich
141111 | Zot:5    | Killed an ancient lich
141185 | Zot:5    | Noticed an orb of fire
141201 | Zot:5    | Killed an orb of fire
141204 | Zot:5    | Noticed a dread lich
141233 | Zot:5    | Killed a dread lich
141234 | Zot:5    | Noticed an ancient lich
141252 | Zot:5    | Killed an ancient lich
141253 | Zot:5    | Reached skill level 24 in Evocations
141391 | Zot:5    | Noticed an electric golem
141394 | Zot:5    | Killed an electric golem
141397 | Zot:5    | Noticed a curse toe
141404 | Zot:5    | Received a gift from Trog
141409 | Zot:5    | Killed a curse toe
141410 | Zot:5    | Reached skill level 27 in Stealth
141511 | Zot:5    | Reached skill level 26 in Dodging
141569 | Zot:5    | Noticed an electric golem
141576 | Zot:5    | Noticed an orb of fire
141576 | Zot:5    | Noticed an orb of fire
141576 | Zot:5    | Noticed a dread lich
141589 | Zot:5    | Killed an orb of fire
141590 | Zot:5    | Noticed an ancient lich
141592 | Zot:5    | Killed an orb of fire
141595 | Zot:5    | Killed an electric golem
141602 | Zot:5    | Killed a dread lich
141616 | Zot:5    | Killed an ancient lich
141843 | Zot:5    | Got the Orb of Zot
141964 | Zot:2    | Noticed Laffos the pandemonium lord
142390 | D:$      | Escaped with the Orb!

Vanquished Creatures
  Cerebov (Pan)
  Antaeus (Coc:7)
  the Royal Jelly (Slime:5)
  Asmodeus (Geh:7)
  Ignacio (Pan)
  Ereshkigal (Tar:7)
  Gloorx Vloq (Pan)
  the Serpent of Hell (Coc:7)
  Mnoleg (Pan)
  Lom Lobon (Pan)
  Dispater (Dis:7)
  5 dread liches (Crypt:3 Dis:5 Coc:3 Zot:5)
  8 ancient liches (Vaults:5 Abyss:3 Dis:2 Dis:7 Coc:1)
  4 orbs of fire (Zot:2 Zot:5)
  Mennas (Crypt:3)
  6 juggernauts (Zig:1 Zig:7 Zig:8 Dis:7)
  36 royal mummies (Tomb:1 Tomb:2 Tomb:3)
  The ghost of Jeanorph the Minotaur Barricade, a legendary MiBe of Trog (Zot:4)
  5 Killer Klowns (Zot:5)
  Head Instructor (WizLab)
  Vv (Crypt:2)
  16 shard shrikes (Coc:2 Coc:4 Coc:5 Coc:6 Coc:7)
  Saint Roka (Vaults:1)
  3 curse toes (Zot:2 Zot:4 Zot:5)
  Geryon (Hell)
  Margery (Vaults:4)
  19 profane servitors (Tar:2 Tar:7)
  29 caustic shrikes (Zig:11 Dis:3 Dis:4 Dis:5 Dis:7)
  11 golden dragons (Depths:3 Zot:2 Zot:4 Zot:3 Zot:5)
  5 doom hounds (Tar:2 Tar:6 Tar:7)
  22 Tzitzimimeh (Pan Tar:6 Tar:7)
  6 bone dragons (Depths:4 Crypt:3 Abyss:3 Tar:7)
  2 electric golems (Depths:4 Zot:5)
  15 Brimstone Fiends (Pan Geh:3 Geh:6 Geh:7)
  13 iron giants (Hell Zig:11 Dis:4 Dis:5 Dis:7)
  18 hellephants (Abyss:3 Pan Geh:3 Geh:4 Geh:5)
  14 pandemonium lords (Pan)
  27 Ice Fiends (Pan Coc:2 Coc:3 Coc:4 Coc:6)
  Rupert (D:14)
  8 liches (Crypt:2 Crypt:3 Tomb:1 Abyss:2 Vaults:5)
  23 tainted leviathans (Tar:6 Tar:7)
  24 tentacled monstrosities (Vaults:3 Zot:1 Depths:4 Zot:2 Zot:3)
  35 Hell Sentinels (Depths:3 Zig:11 Pan Dis:2 Dis:3)
  19 Orb Guardians (Zot:5 Zot:2 Depths:1)
  A shard shrike skeleton (Abyss:3)
  9 quicksilver dragons (WizLab Depths:4 Zot:4 Zot:3 Vaults:5)
  An eldritch tentacle (Pan)
  17 titans (Vaults:4 Vaults:5 Pan Coc:3 Coc:5)
  15 searing wretches (Geh:3 Geh:4 Geh:5 Geh:6 Geh:7)
  4 deep elf blademasters (Elf:3 Zig:2)
  21 acid blobs (Slime:2 Slime:1 Slime:4 Slime:3 Slime:5)
  12 tentacled starspawn (Abyss:2 Abyss:3)
  A walking divine tome (Depths:2)
  9 sphinxes (Vaults:3 Depths:4 Tomb:1 Vaults:5)
  11 death cobs (Depths:4 Zot:2 Zot:4 Zot:3 Zot:5)
  3 krakens (Shoals:2 Shoals:3)
  24 Executioners (Abyss:3 Pan Zot:3)
  Polyphemus (Shoals:3)
  30 ancient champions (Crypt:1 Crypt:3 Crypt:2 Depths:1 Tomb:2)
  16 storm dragons (Depths:4 Zot:2 Zot:3 Zot:4 Zot:5)
  The ghost of Onluw the Peltast, an adept DsWn of Cheibriados (Shoals:2)
  Kirke (Shoals:4)
  10 tengu reavers (Vaults:3 Vaults:4 WizLab Depths:2 Depths:4)
  Agnes (D:14)
  Frances (D:13)
  The ghost of juan097 the Fighter, an adept DrTm of Nemelex Xobeh (Shoals:3)
  8 draconian monks (Depths:4 Zot:1 Zot:2 Zot:3 Zot:4)
  12 shadow dragons (Depths:2 Depths:4 Zot:3 Depths:1 Vaults:5)
  A fenstrider witch (Zig:6)
  7 revenants (Crypt:1 Crypt:2 Crypt:3 Tomb:1 Abyss:3)
  10 nagarajas (Snake:1 Snake:3 Snake:4 Zig:5 Zig:10)
  8 demonspawn warmongers (Pan)
  A daeva (Abyss:3)
  10 draconian scorchers (Zot:1 Zot:2 Zot:4 Zot:5 Abyss:2)
  16 azure jellies (Slime:2 Slime:1 Slime:4 Slime:5 Pan)
  An iron dragon (Dis:2)
  13 rockslimes (Slime:1 Slime:3 Slime:4 Slime:2 Slime:5)
  17 fire giants (D:15 Depths:3 Depths:4 Vaults:5 Geh:1)
  59 balrugs (Depths:2 Abyss:3 Pan Geh:1 Geh:2)
  A caustic shrike zombie (Abyss:3)
  2 imperial myrmidons (Desolation)
  12 narguns (Coc:1 Coc:4 Coc:5 Coc:6 Coc:7)
  11 draconian knights (WizLab Zot:1 Depths:4 Zot:2 Zot:3)
  14 shard shrike simulacra (Coc:4 Coc:6 Coc:7)
  13 ghouls (Crypt:1 Crypt:2 Crypt:3)
  18 vault wardens (Vaults:1 Vaults:3 Vaults:4 Vaults:5)
  7 frost giants (Depths:2 Depths:3 Vaults:5 Coc:1)
  4 deep elf elementalists (Elf:3)
  14 quicksilver elementals (Zig:11 Dis:2 Dis:3 Dis:4 Dis:5)
  4 ghost moths (Pan)
  5 curse skulls (Crypt:3 Pan)
  12 deep elf sorcerers (Elf:1 Elf:3 Vaults:5)
  A juggernaut zombie (Crypt:2)
  An angel (Abyss:3)
  5 spectral caustic shrikes (Depths:2 Tar:7)
  9 quicksilver oozes (Slime:2 Slime:1 Slime:3 Slime:4 Slime:5)
  25 war gargoyles (Vaults:4 Vaults:5 Zig:11 Dis:2 Dis:4)
  8 draconian stormcallers (Depths:4 Zot:1 Zot:2 Zot:4)
  14 demonspawn corrupters (Pan)
  10 draconian shifters (Zot:1 Zot:2 Zot:4 Zot:5)
  15 demonspawn blood saints (Pan)
  4 orc warlords (Vaults:1 Vaults:3 Vaults:4 Zig:7)
  2 spriggan defenders (Depths:4)
  A starflower (Abyss:2)
  34 cacodemons (Abyss:3 Pan)
  10 draconian annihilators (Depths:4 Zot:2 Zot:4 Zot:5 Pan)
  7 stone giants (Vaults:4 Depths:2 Depths:3 Vaults:5 Zig:8)
  18 ironbound preservers (Vaults:1 Vaults:2 Vaults:3 Vaults:4 Vaults:5)
  13 deep elf demonologists (Elf:1 Elf:3 Vaults:1 Vaults:5 Zig:3)
  50 reapers (Depths:1 Hell Pan)
  60 very ugly things (Abyss:2 Vaults:3 Vaults:4 Depths:1 Depths:2)
  4 ironbound thunderhulks (Vaults:3 Vaults:4)
  13 black draconians (Depths:4 Zot:1 Zot:2 Zot:3 Zot:4)
  Nessos (Orc:1)
  11 yellow draconians (Depths:4 Zot:1 Zot:2 Zot:4 Zot:5)
  14 deep elf annihilators (Elf:3 Vaults:2 Depths:4 Vaults:5 Pan)
  35 elemental wellsprings (Coc:1 Coc:2 Coc:3 Coc:4 Coc:5)
  4 vampire knights (Depths:2 Crypt:2 Crypt:3)
  17 demonspawn black suns (Pan)
  18 putrid mouths (Tar:2 Tar:7)
  A rockslime zombie (Crypt:3)
  34 lorocyprocas (Hell Pan Zot:1)
  16 green draconians (Depths:4 Zot:1 Zot:2 Zot:4 Zot:5)
  11 red draconians (Depths:4 Zot:1 Zot:2 Abyss:2)
  10 bennus (Tomb:2 Tomb:3)
  7 purple draconians (Depths:4 Zot:1 Zot:2 Zot:4)
  30 iron golems (Hell Dis:2 Dis:3 Dis:4 Dis:5)
  3 spark wasps (Depths:2)
  18 dire elephants (Vaults:1 Vaults:2 Vaults:3 Vaults:4)
  13 white draconians (Zot:1 Zot:2 Zot:3 Zot:4 Zot:5)
  A minotaur (Gauntlet)
  18 wendigos (Pan Coc:1 Coc:2 Coc:3 Coc:5)
  Snorg (D:14)
  27 blizzard demons (Hell Tomb:3 Abyss:3 Pan)
  2 bunyips (Abyss:3 Zig:6)
  9 deep elf death magi (Elf:3 Crypt:1 Crypt:2 Vaults:5)
  A quicksilver dragon zombie (Crypt:1)
  12 ettins (Vaults:4 Depths:2 Depths:3 Depths:4 Vaults:5)
  22 green deaths (Depths:1 Tomb:2 Abyss:3 Zig:4 Zig:6)
  2 merfolk javelineers (Zig:9)
  16 jiangshi (Crypt:1 Crypt:2 Crypt:3)
  The ghost of voltaire321 the Covert, a journeyman KoEn of Wu Jian (Lair:1)
  22 mummy priests (Crypt:3 Tomb:1 Tomb:2 Tomb:3)
  9 eidola (Crypt:2 Crypt:3 Tar:1)
  7 deep elf high priests (Elf:3 Vaults:1 Vaults:2 Vaults:5)
  A fire dragon (Depths:4)
  8 great orbs of eyes (Vaults:3 Slime:4 Slime:3 Slime:2 Slime:5)
  7 merfolk impalers (Shoals:3 Shoals:4)
  21 yaktaur captains (Vaults:1 Vaults:2 Vaults:3 Vaults:4 Vaults:5)
  3 crystal guardians (Desolation)
  3 spectral spriggans (Tar:1 Tar:2)
  2 spectral krakens (Tar:7)
  2 entropy weavers (Vaults:5)
  9 ragged hierophants (Elf:2 Desolation)
  2 kraken zombies (Crypt:3 Hell)
  A spectral fenstrider witch (Tar:1)
  A shambling mangrove (Zig:6)
  4 hell beasts (Depths:1 Pan)
  8 servants of whispers (Desolation)
  2 quicksilver dragon skeletons (Crypt:2 Pan)
  5 alligator snapping turtles (Shoals:1 Shoals:3 Shoals:4)
  10 caustic shrike simulacra (Crypt:1 Coc:2 Coc:3 Coc:5 Coc:6)
  13 peacekeepers (Desolation Vaults:3 Vaults:4)
  3 hydras (Lair:2 Lair:4)
  3 spriggan air magi (Depths:2 Depths:3 Depths:4)
  32 vault guards (D:13 Vaults:4 Vaults:5)
  7 centaur warriors (D:13 D:15 Vaults:2 Vaults:4)
  17 salamander tyrants (Snake:4 Zig:10 Geh:1 Geh:2 Geh:5)
  8 ogre magi (Orc:2 D:15 Vaults:4 WizLab)
  6 anacondas (Snake:1 Snake:2 Snake:3)
  10 juggernaut simulacra (Coc:1 Coc:4 Coc:5 Coc:6 Coc:7)
  4 merfolk avatars (Shoals:1 Shoals:2 Zig:9)
  8 rakshasas (Depths:2 Depths:3 Abyss:3 Pan)
  9 ice dragons (Depths:2 Depths:4 Coc:3 Coc:7)
  11 ironbound frosthearts (Vaults:1 Vaults:3 Vaults:4 Vaults:5)
  5 spriggan skeletons (Abyss:3 Pan)
  7 catoblepae (Lair:2 Lair:4 Lair:5 Shoals:4)
  5 death knights (Vaults:3 Crypt:1 Crypt:2)
  3 stokers (Geh:1 Geh:4 Geh:6)
  26 two-headed ogres (D:8 D:9 Orc:2 D:13 D:14)
  3 deep troll shamans (Depths:2)
  A two-headed ogre (shapeshifter) (Vaults:5)
  8 death yaks (Lair:5 Shoals:3 Shoals:4)
  6 merfolk aquamancers (Shoals:3 Shoals:4 Zig:9)
  24 death scarabs (Tomb:1 Tomb:2)
  13 dancing weapons (Elf:1 Elf:2 Pan)
  6 tengu warriors (D:15 Depths:2 Depths:3 Depths:4)
  20 naga warriors (Snake:1 Snake:2 Snake:3 Snake:4 Abyss:3)
  3 orc high priests (Orc:2 Elf:2)
  9 vampire magi (WizLab Depths:2 Crypt:1 Crypt:2)
  19 thrashing horrors (Abyss:2 Abyss:3 Zig:3)
  4 satyrs (Shoals:3 Shoals:4 Zig:9)
  A death yak (shapeshifter) (Vaults:5)
  4 boulder beetles (D:12 Lair:3 D:13 D:14)
  45 hell hogs (Abyss:2 Hell Depths:3 Abyss:3 Geh:1)
  A titan zombie (Crypt:2)
  10 naga sharpshooters (Snake:1 Snake:2 Snake:3 Snake:4 Zig:10)
  4 spriggan berserkers (Depths:1 Depths:2 Depths:3)
  19 hell knights (Vaults:4 Depths:1 Hell Abyss:3)
  5 deep troll earth magi (Depths:2 Depths:4 Vaults:5)
  A spectral dire elephant (Tar:2)
  65 soul eaters (Depths:1 Crypt:1 Hell Abyss:3 Pan)
  99 sun demons (Abyss:2 Depths:1 Hell Abyss:3 Pan)
  14 shock serpents (Snake:1 Snake:2 Snake:3 Snake:4 Zig:10)
  11 crystal echidnas (Dis:2 Dis:3 Dis:4 Dis:5 Dis:7)
  19 deep elf knights (Elf:1 Elf:2 Elf:3 Vaults:1 Vaults:2)
  6 spriggans (Depths:3 Depths:4 Zig:4 Zig:6)
  18 wretched stars (Abyss:2 Abyss:3)
  2 fire crabs (Lair:5 Shoals:1)
  8 iron trolls (Depths:2 Depths:3 Depths:4 Hell)
  5 salamander mystics (Snake:4 WizLab Zig:5)
  34 skeletal warriors (D:14 D:15 Crypt:1 Crypt:2 Crypt:3)
  16 shadow wraiths (Crypt:3 Abyss:3 Vaults:5 Pan Tar:1)
  47 sixfirhies (Abyss:2 Depths:1 Depths:2 Abyss:3 Pan)
  2 skysharks (Lair:5 Shoals:3)
  22 sea snakes (Shoals:1 Shoals:2 Shoals:3 Shoals:4 Zig:9)
  27 shadow demons (Pan)
  A death drake (Abyss:3)
  5 quicksilver dragon simulacra (Crypt:3 Coc:6 Coc:7)
  2 anaconda zombies (Hell Abyss:2)
  11 glowing orange brains (Abyss:2 Vaults:1 Vaults:4 Depths:1 Depths:2)
  A storm dragon skeleton (Pan)
  38 deep trolls (Vaults:1 Vaults:2 Vaults:3 Vaults:4 Depths:2)
  2 orb spiders (Abyss:2 Abyss:3)
  3 spatial maelstroms (Abyss:3)
  9 flayed ghosts (Depths:3 Crypt:1 Crypt:2 Crypt:3 Abyss:3)
  6 swamp dragons (Lair:1 Zig:4 Zig:6)
  3 bog bodies (Crypt:2 Zig:4)
  2 kraken simulacra (Shoals:4 Hell)
  13 spriggan simulacra (Crypt:3 Abyss:3 Coc:3 Coc:7)
  18 wizards (D:13 D:14 Vaults:2 Vaults:3 Vaults:4)
  An orange crystal statue (Lair:1)
  8 naga ritualists (Snake:1 Snake:2 Snake:3 Snake:4 Zig:5)
  12 deep elf archers (Elf:1 Elf:2 Elf:3 Vaults:1)
  An iron giant skeleton (Abyss:3)
  16 ironbound convokers (Desolation Vaults:1 Vaults:2 Vaults:3 Vaults:4)
  45 starcursed masses (Abyss:2 Abyss:3)
  12 necromancers (D:13 Vaults:1 Vaults:4 WizLab Depths:2)
  6 lindwurms (Vaults:1 Vaults:2)
  Pikel (D:4)
  A bunyip skeleton (Crypt:1)
  19 harpies (Shoals:2 Vaults:3 Zig:9)
  2 wolf spider zombies (D:15 Crypt:3)
  26 deep elf zephyrmancers (Elf:1 Elf:2 Elf:3 Vaults:1)
  17 phantasmal warriors (Vaults:3 Depths:2 Crypt:1 Crypt:2 Crypt:3)
  22 deep elf pyromancers (D:13 D:14 Elf:1 Elf:2 Elf:3)
  122 large abominations (Abyss:2 Abyss:3 Pan)
  68 ugly things (D:11 D:12 Abyss:2 D:13 D:14)
  5 orc sorcerers (Orc:2 Vaults:1 Zig:8)
  18 orc knights (Orc:1 Orc:2 Vaults:1 Vaults:3 Vaults:4)
  8 cyclopes (D:7 D:12 Shoals:1 Shoals:2 D:13)
  4 worldbinders (Abyss:2 Abyss:3)
  6 fauns (Shoals:2 Zig:9)
  21 mana vipers (Snake:1 Snake:2 Snake:3 Snake:4 WizLab)
  11 shining eyes (Slime:1 Slime:3 Slime:4 Slime:5 Pan)
  18 manticores (D:12 Lair:5 Shoals:1 Shoals:2 Shoals:3)
  10 salamanders (Snake:1 Snake:2 Snake:3)
  20 moths of wrath (Gauntlet Depths:4 Zot:1 Zot:2 Zot:4)
  A will-o-the-wisp (Abyss:3)
  4 ice statues (Coc:3)
  2 spectral centaurs (Tar:1 Tar:2)
  An elephant (shapeshifter) (D:13)
  5 apocalypse crabs (Abyss:3)
  25 vault sentinels (Vaults:1 Vaults:2 Vaults:3 Vaults:4 Vaults:5)
  7 water nymphs (Lair:3 Shoals:1 Shoals:2 Shoals:3 Shoals:4)
  5 elephants (Lair:5)
  20 naga magi (Snake:1 Snake:2 Snake:3 Snake:4 WizLab)
  9 guardian serpents (D:11 Snake:4 Desolation Abyss:2 Abyss:3)
  A guardian serpent (shapeshifter) (Elf:3)
  18 merfolk sirens (Shoals:1 Shoals:2 Shoals:3 Shoals:4)
  58 orange demons (Depths:1 Depths:2 Abyss:3 Pan)
  33 black mambas (Lair:2 Lair:3 Lair:4 Lair:5 Snake:1)
  8 titan simulacra (Coc:1 Coc:2 Coc:3 Coc:4 Coc:7)
  49 smoke demons (Abyss:2 Abyss:3 Pan)
  2 human skeletons (Vaults:1)
  36 demonic crawlers (Depths:1 Pan)
  A stone giant skeleton (Crypt:1)
  10 rust devils (Depths:2 Hell Pan)
  8 molten gargoyles (Geh:7)
  A dire elephant skeleton (Pan)
  4 gargoyles (D:12 D:13)
  A torpor snail (Gauntlet)
  9 eyes of devastation (Slime:4 Slime:5 Abyss:3 Pan)
  11 cane toads (Lair:3 Lair:4 Lair:5 Lair:1)
  2 naga skeletons (Pan)
  A kobold demonologist (Abyss:3)
  A centaur skeleton (Crypt:3)
  A minotaur zombie (Gauntlet)
  11 efreet (Abyss:2 Gauntlet Abyss:3 Pan D:7)
  3 storm dragon simulacra (Crypt:3 Coc:1)
  4 unseen horrors (D:13 Abyss:3 Pan)
  12 spectral swamp worms (Tar:7)
  3 rime drakes (Lair:1 Lair:2 Lair:5)
  6 komodo dragons (Lair:1 Lair:2 Lair:3 Lair:5 D:13)
  47 hellions (Abyss:2 Pan Dis:2 Dis:3 Tar:2)
  35 yaktaurs (D:13 Vaults:1 Vaults:2 Vaults:3 Vaults:4)
  21 freezing wraiths (D:14 Vaults:3 Crypt:1 Crypt:3 Abyss:3)
  An alligator snapping turtle skeleton (Crypt:1)
  3 sea snake zombies (Hell)
  5 bunyip simulacra (Crypt:3 Coc:1)
  A black draconian zombie (Crypt:3)
  A golden dragon simulacrum (Coc:3)
  A spectral naga (Tar:2)
  10 ice devils (Depths:1 Hell Pan)
  3 iron giant simulacra (Coc:5 Coc:7)
  22 tormentors (Zig:11 Pan Dis:2 Dis:4 Dis:5)
  A black draconian skeleton (Crypt:2)
  A catoblepas skeleton (Crypt:3)
  14 anaconda simulacra (Crypt:3 Coc:2 Coc:3 Coc:4 Coc:5)
  44 guardian mummies (Crypt:3 Crypt:2 Tomb:1 Tomb:2 Tomb:3)
  3 tengu conjurers (D:15)
  2 minotaur skeletons (Crypt:3 Pan)
  A silent spectre (Abyss:3)
  2 harpy zombies (Crypt:3 Abyss:3)
  44 merfolk (Shoals:1 Shoals:2 Shoals:3 Shoals:4 Zig:9)
  9 red devils (Pan)
  11 ancient zymes (Abyss:2 Abyss:3 Zig:3)
  4 spectral harpies (Tar:1 Tar:2)
  5 meliai (Abyss:3)
  2 tengu simulacra (Crypt:3)
  25 hellwings (Abyss:2 Depths:1 Abyss:3 Pan)
  9 trolls (D:11 D:12 Orc:1 Vaults:1 Zig:7)
  A hydra zombie (Hell)
  A queen bee (Abyss:3)
  10 snapping turtles (Shoals:1 Shoals:3 Shoals:4 Zig:9)
  6 hornets (Depths:3 Depths:4 Zig:4 Zig:6)
  16 raiju (Abyss:2 Abyss:3 Zig:3)
  A shadow dragon simulacrum (Coc:1)
  5 wind drakes (Shoals:1 Shoals:3 Shoals:4 Zig:9)
  74 saltlings (Elf:2 Desolation)
  8 blink frogs (Lair:2 Lair:4 Abyss:3)
  2 hydra skeletons (Hell Pan)
  5 iron dragon simulacra (Coc:1 Coc:2 Coc:4 Coc:6 Coc:7)
  A snapping turtle (shapeshifter) (Vaults:5)
  An ettin zombie (Crypt:3)
  A spectral black mamba (Tar:1)
  13 dream sheep (Lair:5 Shoals:1 Shoals:2)
  2 fire dragon zombies (Crypt:1 Tomb:1)
  5 stone giant simulacra (Crypt:3 Abyss:3 Coc:1 Coc:7)
  28 flying skulls (Tomb:1 Abyss:2 Abyss:3 Tomb:2 Tomb:3)
  A jumping spider (Vaults:5)
  Sigmund (D:2)
  109 slime creatures (Lair:5 D:13 D:14 D:15 Vaults:1)
  2 centaur simulacra (Crypt:3 Tomb:1)
  4 shadows (D:12 D:15)
  38 yaks (D:8 Lair:1 Lair:2 Lair:4 Lair:5)
  An air elemental (Elf:1)
  5 wraiths (Vaults:3 Crypt:1 Crypt:3 Abyss:3)
  2 ettin skeletons (Abyss:3)
  20 water elementals (Shoals:1 Shoals:2 Shoals:3 Shoals:4 Elf:1)
  3 wyverns (D:8 Lair:1 Lair:2)
  7 fire elementals (Gauntlet Elf:1 Elf:2 Elf:3)
  77 ynoxinuls (Abyss:2 Depths:1 Abyss:3 Pan)
  42 ushabtiu (Crypt:3 Tomb:1 Tomb:2 Tomb:3)
  A black mamba skeleton (Pan)
  11 fire bats (Shoals:1 Abyss:3 Pan)
  A hog (Shoals:4)
  7 dire elephant simulacra (Crypt:3 Coc:3 Coc:6 Coc:7)
  A basilisk (shapeshifter) (D:13)
  21 humans (D:13)
  5 basilisks (D:12 Lair:1 Lair:2 D:13 D:15)
  7 golden eyes (Pan)
  19 vampire mosquitoes (D:11 D:12 D:13 D:14)
  51 neqoxecs (Abyss:2 Depths:1 Depths:2 Abyss:3 Pan)
  A spatial vortex (Abyss:3)
  A redback (Vaults:5)
  56 chaos spawn (Abyss:2 Depths:1 Depths:2 Abyss:3 Pan)
  Menkaure (D:5)
  19 harpy simulacra (Crypt:3 Coc:1 Coc:2 Coc:3 Coc:5)
  58 nagas (Lair:2 Snake:1 Snake:2 Snake:3 Snake:4)
  2 naga zombies (Crypt:1 Abyss:3)
  8 wargs (Orc:1 Orc:2 Zig:7 Zig:8)
  2 merfolk skeletons (Crypt:1 Crypt:3)
  17 water moccasins (D:6 D:9 Lair:1 Lair:2 Lair:3)
  A hydra simulacrum (Hell)
  4 floating eyes (Pan)
  3 acid dragons (D:10 D:13 D:14)
  20 hell hounds (Gauntlet Hell Abyss:2 Abyss:3 Pan)
  35 orc warriors (D:9 D:12 Orc:1 Orc:2 Elf:2)
  A floating eye (shapeshifter) (Vaults:5)
  A cane toad skeleton (Crypt:1)
  3 black bears (D:8 Lair:4)
  An ice beast (Abyss:2)
  3 sky beasts (D:6 D:7)
  5 boggarts (D:14 Vaults:3)
  39 ogres (D:4 D:5 D:6 D:7 Orc:1)
  A tengu (shapeshifter) (Vaults:5)
  9 ettin simulacra (Vaults:1 Crypt:3 Coc:2 Coc:3 Coc:5)
  7 centaurs (D:7 D:12)
  9 wolves (Gauntlet)
  A kobold brigand (D:8)
  4 lemures (D:3)
  A lindwurm skeleton (Crypt:1)
  A phantom (D:6)
  A human zombie (Vaults:1)
  A komodo dragon zombie (Crypt:3)
  14 bullfrogs (D:4 D:7 D:8 Lair:1 Lair:2)
  4 necrophages (D:4 Crypt:2)
  A salamander skeleton (Crypt:3)
  5 earth elementals (Abyss:2 Elf:1 Elf:3)
  5 naga simulacra (Crypt:3 Coc:2 Coc:4 Coc:7)
  6 scorpions (D:4 D:5 D:7)
  2 wyvern skeletons (Crypt:2)
  A swamp dragon simulacrum (Coc:1)
  10 killer bees (D:8 D:11)
  6 electric eels (D:12 Lair:2)
  12 howler monkeys (D:6 D:8 D:9 D:10)
  8 crimson imps (Pan)
  A wolf skeleton (Crypt:2)
  30 small abominations (Abyss:2 Abyss:3)
  3 lava snakes (Lair:1)
  4 quasits (Abyss:2 Abyss:3)
  2 jellies (D:4 Lair:5)
  3 centaur zombies (D:4 D:15 Crypt:3)
  A gnoll bouda (D:5)
  4 hounds (D:5 D:6 D:7)
  13 orc priests (D:4 D:8 D:9 D:12 Orc:1)
  5 iron imps (Abyss:2 Abyss:3)
  3 sleepcaps (D:4 D:5 D:6)
  Terence (D:2)
  2 iguanas (D:4 D:7)
  Natasha (thrice) (D:2)
  27 orc wizards (D:4 D:5 D:7 D:8 D:9)
  13 hell rats (Depths:1 Hell)
  A boggart skeleton (Crypt:1)
  2 hound zombies (D:4)
  47 mummies (Crypt:3 Tomb:1 Tomb:2 Tomb:3)
  5 gnolls (D:5)
  9 adders (D:2 D:3 D:4 D:5 D:6)
  A shadow imp (D:6)
  4 white imps (D:8 Abyss:2 Abyss:3)
  4 ufetubi (D:6 Abyss:2 Abyss:3)
  An adder zombie (D:4)
  2 worms (D:2 D:5)
  2 dart slugs (D:5 D:2)
  78 orcs (D:4 D:5 D:6 D:7 D:8)
  6 ball pythons (D:2 D:3 D:4)
  12 endoplasms (D:1 D:2 D:3 D:4)
  4 giant cockroaches (D:1 D:4)
  7 hobgoblins (D:1 D:3 D:4 D:2)
  8 jackals (D:1 D:4)
  3 quokkas (D:3 D:5 D:2)
  2 bats (D:1 D:3)
  4 frilled lizards (D:1 D:2)
  8 goblins (D:1 D:2 D:3)
  A jackal skeleton (Crypt:1)
  20 kobolds (D:1 D:2 D:3 D:4 D:8)
  9 rats (D:1 D:2 D:3)
  A river rat skeleton (Crypt:1)
  A spectral orc (D:8)
  2 bushes (D:2)
  4 creeping infernos (Geh:2 Geh:4 Geh:7)
  26 fire vortices (Hell Geh:1 Geh:3 Geh:5 Geh:6)
  13 starspawn tentacles (Abyss:2 Abyss:3)
  14 tentacles (Shoals:2 Shoals:4 Crypt:3 Hell Tar:7)
5162 creatures vanquished.

Vanquished Creatures (collateral kills)
  2 ancient liches (Zot:5)
  Sojobo (Vaults:3)
  Parghit (Zot:3)
  A Killer Klown (Zot:5)
  A caustic shrike (Dis:7)
  An electric golem (Zot:5)
  An iron giant (Dis:7)
  A tentacled monstrosity (Zot:5)
  2 Hell Sentinels (Dis:7)
  8 Orb Guardians (Zot:5)
  A quicksilver dragon (Zot:5)
  A deep elf blademaster (Elf:3)
  A tengu reaver (WizLab)
  2 storm dragons (Zot:5)
  A draconian monk (Zot:5)
  A draconian knight (Zot:5)
  A ghost moth (Zot:5)
  A draconian scorcher (Zot:5)
  A deep elf sorcerer (Elf:3)
  A vampire knight (Crypt:3)
  3 green draconians (Zot:5)
  An elemental wellspring (Coc:7)
  A purple draconian (Zot:5)
  A white draconian (Zot:5)
  A merfolk impaler (Shoals:4)
  A naga warrior (Snake:4)
  3 death yaks (Lair:5)
  Urug (D:10)
  A deep elf knight (WizLab)
  A deep elf zephyrmancer (Elf:3)
  A cyclops (D:12)
  A guardian serpent (Snake:4)
  A moth of wrath (Zot:5)
  A merfolk siren (Shoals:4)
  An apocalypse crab (Abyss:3)
  A naga mage (Snake:4)
  A tormentor (Dis:4)
  A wind drake (Shoals:4)
  A snapping turtle (Shoals:3)
  4 nagas (Snake:4)
  A small abomination (Abyss:3)
  A starcursed mass (Abyss:2)
  A mummy (Crypt:3)
  A starspawn tentacle (Abyss:2)
61 creatures vanquished.

Vanquished Creatures (others)
  A draconian knight (Zot:1)
  A fire giant (Geh:6)
  2 balrugs (Pan Geh:3)
  A cacodemon (Pan)
  3 demonspawn blood saints (Pan)
  A green draconian (Zot:5)
  A purple draconian (Zot:1)
  A white draconian (Zot:2)
  A soul eater (Pan)
  A sixfirhy (Pan)
  2 shadow demons (Pan)
  A quicksilver dragon simulacrum (Coc:7)
  3 spriggan simulacra (Coc:6 Coc:7)
  An orange demon (Pan)
  2 titan simulacra (Coc:5 Coc:6)
  2 black mambas (Zig:10)
  A smoke demon (Pan)
  A hellion (Geh:3)
  An iron giant simulacrum (Coc:7)
  A slime creature (Slime:5)
  2 dire elephant simulacra (Coc:6 Coc:7)
  A ynoxinul (Pan)
  2 humans (Shoals:4)
  2 orc warriors (Vaults:1 Zig:8)
  A large abomination (Pan)
  A naga simulacrum (Coc:5)
  2 small abominations (Abyss:2 Abyss:3)
  An orc wizard (D:13)
  3 hell rats (Hell)
  A mummy (Tomb:3)
  A white imp (Abyss:2)
  An orc (Elf:2)
  3 ball lightnings (Pan)
  4 bushes (D:4)
  5 creeping infernos (Hell Geh:3 Geh:5 Geh:7)
  6 demonic plants (Abyss:2 Abyss:3 Pan)
  A fire vortex (Geh:7)
  7 foxfires (Abyss:3)
  21 fungi (D:8 Lair:1 Lair:2 Lair:5 Gauntlet)
  A lurking horror (Abyss:3)
  97 plants (D:2 D:4 D:8 Lair:1 Lair:2)
  30 starspawn tentacles (Abyss:2 Abyss:3 Pan)
  57 tentacles (Shoals:2 Shoals:4 Crypt:3 Hell Tar:7)
  8 withered plants (Shoals:2 D:15 Desolation)
286 creatures vanquished.

Grand Total: 5509 creatures vanquished

Table legend: (Time is in decaauts)
 A = Elapsed time spent in this place.
 B = Non-inter-level travel time spent in this place.
 C = Inter-level travel time spent in this place.
 D = Time resting spent in this place.
 E = Time spent auto-exploring this place.
 F = Levels seen in this place.
 G = Mean time per level.
                   A        B        C        D        E       F      G
               +--------+--------+--------+--------+--------+-----+--------+
         Total | 138162 | 115431 |  22731 |  21290 |  47348 | 123 | 1123.3 |
       Dungeon |  24960 |  15712 |   9248 |   1365 |  10151 |  15 | 1664.0 |
          Lair |   7473 |   6155 |   1318 |    618 |   4223 |   5 | 1494.6 |
        Shoals |   7344 |   6653 |    691 |   2219 |   2576 |   4 | 1836.0 |
     Snake Pit |   7100 |   6719 |    381 |   1167 |   4006 |   4 | 1775.0 |
    Slime Pits |   3176 |   2948 |    228 |    606 |   1529 |   5 |  635.2 |
  Orcish Mines |   2367 |   2021 |    346 |    486 |    881 |   2 | 1183.5 |
   Elven Halls |   3713 |   3459 |    254 |    517 |   1908 |   3 | 1237.7 |
        Vaults |  10598 |   7815 |   2783 |    733 |   4971 |   5 | 2119.6 |
         Crypt |   5059 |   4137 |    922 |    886 |   1850 |   3 | 1686.3 |
          Tomb |   5602 |   4047 |   1555 |   1270 |    918 |   3 | 1867.3 |
        Depths |   9051 |   6519 |   2532 |   2039 |   2865 |   4 | 2262.8 |
          Hell |   1212 |   1020 |    192 |     95 |    401 |   1 | 1212.0 |
           Dis |   4639 |   4343 |    296 |   1480 |    322 |   7 |  662.7 |
       Gehenna |   3593 |   3413 |    180 |    746 |    846 |   7 |  513.3 |
       Cocytus |   3582 |   3213 |    369 |    805 |    664 |   7 |  511.7 |
      Tartarus |   4428 |   3975 |    453 |   1392 |    333 |   5 |  885.6 |
           Zot |   5564 |   4587 |    977 |    499 |   2172 |   5 | 1112.8 |
         Abyss |   3868 |   3868 |      0 |    295 |   1536 |   5 |  773.6 |
   Pandemonium |  20399 |  20399 |      0 |   2842 |   4602 |  18 | 1133.3 |
      Ziggurat |   1070 |   1070 |      0 |    161 |     72 |  11 |   97.3 |
         Trove |     54 |     54 |      0 |      0 |      0 |   1 |   54.0 |
        Wizlab |    961 |    961 |      0 |    422 |     10 |   1 |  961.0 |
    Desolation |   1921 |   1921 |      0 |    586 |    365 |   1 | 1921.0 |
      Gauntlet |    417 |    417 |      0 |     51 |    144 |   1 |  417.0 |
               +--------+--------+--------+--------+--------+-----+--------+

Top non-repeatable levels by time:
  Tomb:1: 3338 daAuts
   Tar:7: 3322 daAuts
   Dis:7: 3121 daAuts
     D:8: 2921 daAuts
Vaults:3: 2854 daAuts
Depths:1: 2809 daAuts
Shoals:3: 2799 daAuts
    D:12: 2794 daAuts
Depths:2: 2774 daAuts
    D:15: 2705 daAuts
    D:13: 2687 daAuts
 Snake:4: 2518 daAuts
 Crypt:3: 2464 daAuts
Vaults:1: 2449 daAuts
 Abyss:3: 2364 daAuts

Table legend:
 A = Non-vault XP
 B = Vault XP
 C = Vault XP percentage of total XP
 D = Non-vault monster count
 E = Vault monster count
 F = Vault count percentage of total count
                 A         B        C        D         E       F
            +---------+---------+-------+---------+---------+-------
      Total | 2246939 | 1647102 |  42.3 |    3395 |    1749 |  34.0
            +---------+---------+-------+---------+---------+-------
        D:1 |      36 |       0 |   0.0 |      22 |       0 |   0.0
        D:2 |     140 |     309 |  68.8 |      27 |       8 |  22.9
        D:3 |      51 |       0 |   0.0 |      16 |       0 |   0.0
        D:4 |     736 |     959 |  56.6 |      31 |       9 |  22.5
        D:5 |     772 |     172 |  18.2 |      24 |       1 |   4.0
        D:6 |     841 |       0 |   0.0 |      14 |       0 |   0.0
        D:7 |    1300 |       0 |   0.0 |      14 |       0 |   0.0
        D:8 |    3648 |     664 |  15.4 |      45 |       6 |  11.8
        D:9 |    1497 |       0 |   0.0 |      13 |       0 |   0.0
       D:10 |     438 |     796 |  64.5 |       9 |       1 |  10.0
       D:11 |    1667 |     442 |  21.0 |       9 |       1 |  10.0
       D:12 |    6543 |     693 |   9.6 |      22 |      23 |  51.1
       D:13 |    9304 |   10662 |  53.4 |      22 |      35 |  61.4
       D:14 |   12667 |    4243 |  25.1 |      28 |       3 |   9.7
       D:15 |   19820 |    4335 |  17.9 |      33 |       7 |  17.5
     Lair:1 |    3183 |    3976 |  55.5 |      18 |       9 |  33.3
     Lair:2 |    5467 |    1775 |  24.5 |      22 |       7 |  24.1
     Lair:3 |    3187 |     467 |  12.8 |       8 |       1 |  11.1
     Lair:4 |    5836 |     674 |  10.4 |      19 |       3 |  13.6
     Lair:5 |   10522 |   12323 |  53.9 |      27 |      27 |  50.0
   Shoals:1 |   10842 |    3509 |  24.5 |      24 |      10 |  29.4
   Shoals:2 |   19062 |    1441 |   7.0 |      35 |       1 |   2.8
   Shoals:3 |   15006 |   10743 |  41.7 |      30 |      17 |  36.2
   Shoals:4 |   14520 |   18995 |  56.7 |      30 |      30 |  50.0
    Snake:1 |   15943 |       0 |   0.0 |      30 |       0 |   0.0
    Snake:2 |    9548 |    2054 |  17.7 |      18 |       4 |  18.2
    Snake:3 |   18820 |     795 |   4.1 |      36 |       1 |   2.7
    Snake:4 |   21236 |   19652 |  48.1 |      46 |      40 |  46.5
    Slime:1 |   11249 |       0 |   0.0 |      19 |       0 |   0.0
    Slime:2 |   12489 |       0 |   0.0 |      17 |       0 |   0.0
    Slime:3 |   13823 |       0 |   0.0 |      37 |       0 |   0.0
    Slime:4 |   19568 |       0 |   0.0 |      34 |       0 |   0.0
    Slime:5 |    7223 |   24672 |  77.4 |      10 |      17 |  63.0
      Orc:1 |    2901 |    1042 |  26.4 |      31 |       1 |   3.1
      Orc:2 |    5986 |   19442 |  76.5 |      43 |      44 |  50.6
      Elf:1 |   19454 |    2948 |  13.2 |      31 |       4 |  11.4
      Elf:2 |   13445 |    4548 |  25.3 |      27 |       7 |  20.6
      Elf:3 |   18918 |   42332 |  69.1 |      35 |      38 |  52.1
   Vaults:1 |   21315 |   20270 |  48.7 |      35 |      38 |  52.1
   Vaults:2 |   12959 |   11426 |  46.9 |      19 |      16 |  45.7
   Vaults:3 |   35890 |   42812 |  54.4 |      49 |      53 |  52.0
   Vaults:4 |   24750 |   36307 |  59.5 |      32 |      45 |  58.4
   Vaults:5 |   42834 |  105805 |  71.2 |      61 |      95 |  60.9
    Crypt:1 |   32074 |       0 |   0.0 |      46 |       0 |   0.0
    Crypt:2 |   35344 |    5688 |  13.9 |      43 |       4 |   8.5
    Crypt:3 |   36837 |   52070 |  58.6 |      45 |      86 |  65.6
     Tomb:1 |   13574 |  106812 |  88.7 |      39 |      60 |  60.6
     Tomb:2 |    7916 |   32255 |  80.3 |      19 |      45 |  70.3
     Tomb:3 |    7115 |   52099 |  88.0 |      19 |      58 |  75.3
   Depths:1 |   31609 |   13674 |  30.2 |      45 |      21 |  31.8
   Depths:2 |   44368 |   20050 |  31.1 |      51 |      26 |  33.8
   Depths:3 |   21400 |    4661 |  17.9 |      22 |       4 |  15.4
   Depths:4 |   57294 |   12672 |  18.1 |      58 |      11 |  15.9
       Hell |   15989 |   21905 |  57.8 |      32 |      31 |  49.2
      Dis:2 |   10455 |    8846 |  45.8 |       9 |       7 |  43.8
      Dis:3 |   39061 |       0 |   0.0 |      19 |       0 |   0.0
      Dis:4 |   25616 |       0 |   0.0 |      21 |       0 |   0.0
      Dis:5 |   28912 |       0 |   0.0 |      18 |       0 |   0.0
      Dis:6 |    4693 |       0 |   0.0 |       3 |       0 |   0.0
      Dis:7 |   11516 |  132817 |  92.0 |      10 |      76 |  88.4
      Geh:1 |   21218 |       0 |   0.0 |      23 |       0 |   0.0
      Geh:2 |    5770 |    1507 |  20.7 |       6 |       4 |  40.0
      Geh:3 |   30038 |       0 |   0.0 |      27 |       0 |   0.0
      Geh:4 |   14805 |       0 |   0.0 |      15 |       0 |   0.0
      Geh:5 |   17301 |       0 |   0.0 |      12 |       0 |   0.0
      Geh:6 |    8906 |       0 |   0.0 |       8 |       0 |   0.0
      Geh:7 |   20671 |   47846 |  69.8 |      13 |      42 |  76.4
      Coc:1 |   16401 |       0 |   0.0 |      26 |       0 |   0.0
      Coc:2 |   14856 |       0 |   0.0 |      18 |       0 |   0.0
      Coc:3 |   17139 |    3036 |  15.0 |      18 |       6 |  25.0
      Coc:4 |   20116 |    8170 |  28.9 |      19 |       8 |  29.6
      Coc:5 |   27991 |       0 |   0.0 |      22 |       0 |   0.0
      Coc:6 |   47594 |       0 |   0.0 |      36 |       0 |   0.0
      Coc:7 |   34137 |   70908 |  67.5 |      43 |      47 |  52.2
      Tar:1 |    6075 |       0 |   0.0 |      10 |       0 |   0.0
      Tar:2 |   12144 |       0 |   0.0 |      13 |       0 |   0.0
      Tar:6 |   15931 |       0 |   0.0 |       9 |       0 |   0.0
      Tar:7 |   18442 |  117514 |  86.4 |      10 |      74 |  88.1
      Zot:1 |   36554 |       0 |   0.0 |      34 |       0 |   0.0
      Zot:2 |   57434 |    1472 |   2.5 |      44 |       1 |   2.2
      Zot:3 |   19854 |    5461 |  21.6 |      15 |       4 |  21.1
      Zot:4 |   39349 |    3458 |   8.1 |      31 |       1 |   3.1
      Zot:5 |   61641 |  104115 |  62.8 |      48 |      43 |  47.3
    Abyss:2 |   55200 |    1108 |   2.0 |     131 |       1 |   0.8
    Abyss:3 |  146030 |    9711 |   6.2 |     281 |      14 |   4.7
        Pan |  483205 |  321424 |  39.9 |     706 |     323 |  31.4
      Zig:1 |    3851 |       0 |   0.0 |       1 |       0 |   0.0
      Zig:2 |    2519 |       0 |   0.0 |       2 |       0 |   0.0
      Zig:3 |    2727 |       0 |   0.0 |       5 |       0 |   0.0
      Zig:4 |    3395 |       0 |   0.0 |       6 |       0 |   0.0
      Zig:5 |    5637 |       0 |   0.0 |       8 |       0 |   0.0
      Zig:6 |    7174 |       0 |   0.0 |      10 |       0 |   0.0
      Zig:7 |   11849 |       0 |   0.0 |      13 |       0 |   0.0
      Zig:8 |   10025 |       0 |   0.0 |      17 |       0 |   0.0
      Zig:9 |   16817 |       0 |   0.0 |      33 |       0 |   0.0
     Zig:10 |   11954 |       0 |   0.0 |      18 |       0 |   0.0
     Zig:11 |   22980 |       0 |   0.0 |      13 |       0 |   0.0
     WizLab |       0 |   24223 | 100.0 |       0 |      27 | 100.0
 Desolation |       0 |   48156 | 100.0 |       0 |     106 | 100.0
   Gauntlet |       0 |    4161 | 100.0 |       0 |      17 | 100.0
            +---------+---------+-------+---------+---------+-------
